Workbook

Sheet EAP FINAL
A6: PREFEITURA MUNICIPAL DE BREU BRANCO
A7: SECRETARIA MUNICIPAL DE OBRAS E INFRAESTRUTURA | H7: BDI
A8: OBRA: PROVISÃO DE 40 UNIDADES HABITACIONAIS NO MUNICÍPIO DE BREU BRANCO/PA | H8: 0.2466
E11: SINAPI - 09/2025 - Pará SEDOP - 10/2025 - Pará
A12: Orçamento Sintética
A13: Item | D13: Descrição | E13: Und | F13: Quant | G13: Valor unit | H13: Valor Com bdi | I13: Valor total | J13: %
A14: 1 | D14: SERVIÇOS PRELIMINARES GERAIS | F14: 1 | I14: =SUM(I15:I19) -> 59607.92 | J14: =SUM(J15:J19) -> 0.0099047832
A15: 1.1 | B15: 103689 | C15: SINAPI | D15: FORNECIMENTO E INSTALAÇÃO DE PLACA DE OBRA COM CHAPA GALVANIZADA E ESTRUTURA DE MADEIRA. AF_03/2022_PS | E15: m² | F15: 6 | G15: 468.64 | H15: =ROUND(G15*$H$8+G15,2) -> 584.21 | I15: =ROUND(H15*F15,2) -> 3505.26 | J15: =I15/$I$220 -> 0.00058245348
A16: 1.2 | B16: 010269 | C16: SEDOP | D16: Locação planimetrica de linha | E16: m | F16: 1380.55 | G16: 2.69 | H16: =ROUND(G16*$H$8+G16,2) -> 3.35 | I16: =ROUND(H16*F16,2) -> 4624.84 | J16: =I16/$I$220 -> 0.00076848911
A17: 1.3 | B17: PMI 13 | C17: Próprio | D17: Mobilização e Desmobilização de Equipamento e Mão de Obra | E17: UND | F17: 1 | G17: 30391.87 | H17: =ROUND(G17*$H$8+G17,2) -> 37886.51 | I17: =ROUND(H17*F17,2) -> 37886.51 | J17: =I17/$I$220 -> 0.006295433
A18: 1.4 | B18: 010005 | C18: SEDOP | D18: Barracão de madeira/Almoxarifado | E18: m² | F18: 6.5 | G18: 569.87 | H18: =ROUND(G18*$H$8+G18,2) -> 710.4 | I18: =ROUND(H18*F18,2) -> 4617.6 | J18: =I18/$I$220 -> 0.00076728607
A19: 1.5 | B19: 011171 | C19: SEDOP | D19: Licenças e taxas da obra (até 500m2) | E19: cj | F19: 1 | G19: 7198.55 | H19: =ROUND(G19*$H$8+G19,2) -> 8973.71 | I19: =ROUND(H19*F19,2) -> 8973.71 | J19: =I19/$I$220 -> 0.0014911215
A20: 2 | D20: ADMINISTRAÇÃO LOCAL | F20: 1 | I20: =I21 -> 151590.82 | J20: =J21 -> 0.025189173
A21: 2.1 | B21: PMBB 12 | C21: Próprio | D21: ADMINISTRAÇÃO LOCAL | E21: und | F21: 1 | G21: 121603.42 | H21: =ROUND(G21*$H$8+G21,2) -> 151590.82 | I21: =ROUND(H21*F21,2) -> 151590.82 | J21: =I21/$I$220 -> 0.025189173
A22: 3 | D22: FUNDAÇÕES | F22: 1 | I22: =SUM(I23:I29) -> 725608.77 | J22: =SUM(J23:J29) -> 0.12057119
A23: 3.1 | B23: 96558 | C23: SINAPI | D23: CONCRETAGEM DE SAPATA, FCK 30 MPA, COM USO DE BOMBA - LANÇAMENTO, ADENSAMENTO E ACABAMENTO. AF_01/2024 | E23: m³ | F23: 248.25 | G23: 988.89 | H23: =ROUND(G23*$H$8+G23,2) -> 1232.75 | I23: =ROUND(H23*F23,2) -> 306030.19 | J23: =I23/$I$220 -> 0.050851677
A24: 3.2 | B24: 104917 | C24: SINAPI | D24: ARMAÇÃO DE SAPATA ISOLADA, VIGA BALDRAME E SAPATA CORRIDA UTILIZANDO AÇO CA-50 DE 6,3 MM - MONTAGEM. AF_01/2024 | E24: KG | F24: 143.5 | G24: 15.15 | H24: =ROUND(G24*$H$8+G24,2) -> 18.89 | I24: =ROUND(H24*F24,2) -> 2710.72 | J24: =I24/$I$220 -> 0.0004504283
A25: 3.3 | B25: 104918 | C25: SINAPI | D25: ARMAÇÃO DE SAPATA ISOLADA, VIGA BALDRAME E SAPATA CORRIDA UTILIZANDO AÇO CA-50 DE 8 MM - MONTAGEM. AF_01/2024 | E25: KG | F25: 8213.5 | G25: 13.93 | H25: =ROUND(G25*$H$8+G25,2) -> 17.37 | I25: =ROUND(H25*F25,2) -> 142668.5 | J25: =I25/$I$220 -> 0.023706591
A26: 3.4 | B26: 104920 | C26: SINAPI | D26: ARMAÇÃO DE BLOCO, SAPATA ISOLADA, VIGA BALDRAME E SAPATA CORRIDA UTILIZANDO AÇO CA-50 DE 12,5 MM - MONTAGEM. AF_01/2024 | E26: KG | F26: 2461 | G26: 10.45 | H26: =ROUND(G26*$H$8+G26,2) -> 13.03 | I26: =ROUND(H26*F26,2) -> 32066.83 | J26: =I26/$I$220 -> 0.0053284027
A27: 3.5 | B27: 104919 | C27: SINAPI | D27: ARMAÇÃO DE SAPATA ISOLADA, VIGA BALDRAME E SAPATA CORRIDA UTILIZANDO AÇO CA-50 DE 10 MM - MONTAGEM. AF_01/2024 | E27: KG | F27: 1207.5 | G27: 12.36 | H27: =ROUND(G27*$H$8+G27,2) -> 15.41 | I27: =ROUND(H27*F27,2) -> 18607.58 | J27: =I27/$I$220 -> 0.0030919389
A28: 3.6 | B28: 96543 | C28: SINAPI | D28: ARMAÇÃO DE BLOCO UTILIZANDO AÇO CA-60 DE 5 MM - MONTAGEM. AF_01/2024 | E28: KG | F28: 2595.5 | G28: 19.81 | H28: =ROUND(G28*$H$8+G28,2) -> 24.7 | I28: =ROUND(H28*F28,2) -> 64108.85 | J28: =I28/$I$220 -> 0.010652683
A29: 3.7 | B29: 96536 | C29: SINAPI | D29: FABRICAÇÃO, MONTAGEM E DESMONTAGEM DE FÔRMA PARA VIGA BALDRAME, EM MADEIRA SERRADA, E=25 MM, 4 UTILIZAÇÕES. AF_01/2024 | E29: m² | F29: 1690.7 | G29: 75.64 | H29: =ROUND(G29*$H$8+G29,2) -> 94.29 | I29: =ROUND(H29*F29,2) -> 159416.1 | J29: =I29/$I$220 -> 0.026489465
A30: 4 | D30: SUPEESTRUTURA | F30: 1 | I30: =SUM(I31:I48) -> 998818.36 | J30: =SUM(J31:J48) -> 0.16596921
A31: 4.1 | B31: 103672 | C31: SINAPI | D31: CONCRETAGEM DE PILARES, FCK = 25 MPA, COM USO DE BOMBA - LANÇAMENTO, ADENSAMENTO E ACABAMENTO. AF_02/2022_PS | E31: m³ | F31: 92.9 | G31: 852.26 | H31: =ROUND(G31*$H$8+G31,2) -> 1062.43 | I31: =ROUND(H31*F31,2) -> 98699.75 | J31: =I31/$I$220 -> 0.016400499
A32: 4.2 | B32: 96536 | C32: SINAPI | D32: FABRICAÇÃO, MONTAGEM E DESMONTAGEM DE FÔRMA PARA VIGA BALDRAME, EM MADEIRA SERRADA, E=25 MM, 4 UTILIZAÇÕES. AF_01/2024 | E32: m² | F32: 684.15 | G32: 75.64 | H32: =ROUND(G32*$H$8+G32,2) -> 94.29 | I32: =ROUND(H32*F32,2) -> 64508.5 | J32: =I32/$I$220 -> 0.010719091
A33: 4.3 | B33: 92761 | C33: SINAPI | D33: ARMAÇÃO DE PILAR OU VIGA DE ESTRUTURA CONVENCIONAL DE CONCRETO ARMADO UTILIZANDO AÇO CA-50 DE 8,0 MM - MONTAGEM. AF_06/2022 | E33: KG | F33: 1599.5 | G33: 11.96 | H33: =ROUND(G33*$H$8+G33,2) -> 14.91 | I33: =ROUND(H33*F33,2) -> 23848.55 | J33: =I33/$I$220 -> 0.0039628076
A34: 4.4 | B34: 92759 | C34: SINAPI | D34: ARMAÇÃO DE PILAR OU VIGA DE ESTRUTURA CONVENCIONAL DE CONCRETO ARMADO UTILIZANDO AÇO CA-60 DE 5,0 MM - MONTAGEM. AF_06/2022 | E34: KG | F34: 651 | G34: 13.79 | H34: =ROUND(G34*$H$8+G34,2) -> 17.19 | I34: =ROUND(H34*F34,2) -> 11190.69 | J34: =I34/$I$220 -> 0.0018595072
A35: 4.5 | B35: 96536 | C35: SINAPI | D35: FABRICAÇÃO, MONTAGEM E DESMONTAGEM DE FÔRMA PARA VIGA BALDRAME, EM MADEIRA SERRADA, E=25 MM, 4 UTILIZAÇÕES. AF_01/2024 | E35: m² | F35: 630.1 | G35: 75.64 | H35: =ROUND(G35*$H$8+G35,2) -> 94.29 | I35: =ROUND(H35*F35,2) -> 59412.13 | J35: =I35/$I$220 -> 0.0098722496
A36: 4.6 | B36: 92761 | C36: SINAPI | D36: ARMAÇÃO DE PILAR OU VIGA DE ESTRUTURA CONVENCIONAL DE CONCRETO ARMADO UTILIZANDO AÇO CA-50 DE 8,0 MM - MONTAGEM. AF_06/2022 | E36: KG | F36: 1432.5 | G36: 11.96 | H36: =ROUND(G36*$H$8+G36,2) -> 14.91 | I36: =ROUND(H36*F36,2) -> 21358.58 | J36: =I36/$I$220 -> 0.0035490603
A37: 4.7 | B37: 92759 | C37: SINAPI | D37: ARMAÇÃO DE PILAR OU VIGA DE ESTRUTURA CONVENCIONAL DE CONCRETO ARMADO UTILIZANDO AÇO CA-60 DE 5,0 MM - MONTAGEM. AF_06/2022 | E37: KG | F37: 683 | G37: 13.79 | H37: =ROUND(G37*$H$8+G37,2) -> 17.19 | I37: =ROUND(H37*F37,2) -> 11740.77 | J37: =I37/$I$220 -> 0.0019509116
A38: 4.8 | B38: 050771 | C38: SEDOP | D38: Laje pré-moldada treliçada e=16cm (Incl. capeamento) - unidirecional | E38: m² | F38: 1346.05 | G38: 159.03 | H38: =ROUND(G38*$H$8+G38,2) -> 198.25 | I38: =ROUND(H38*F38,2) -> 266854.41 | J38: =I38/$I$220 -> 0.044342012
A39: 4.9 | B39: 105539 | C39: SINAPI | D39: CONCRETAGEM DE EDIFICAÇÕES (PAREDES E LAJES) FEITAS COM SISTEMA DE FÔRMAS MANUSEÁVEIS, COM CONCRETO USINADO AUTOADENSÁVEL REFORÇADO COM FIBRAS DE POLIPROPILENO, FCK 25 MPA - LANÇAMENTO E ACABAMENTO. AF_09/2024 | E39: m³ | F39: 49.1 | G39: 865.97 | H39: =ROUND(G39*$H$8+G39,2) -> 1079.52 | I39: =ROUND(H39*F39,2) -> 53004.43 | J39: =I39/$I$220 -> 0.0088075106
A40: 4.10 | B40: 96536 | C40: SINAPI | D40: FABRICAÇÃO, MONTAGEM E DESMONTAGEM DE FÔRMA PARA VIGA BALDRAME, EM MADEIRA SERRADA, E=25 MM, 4 UTILIZAÇÕES. AF_01/2024 | E40: m² | F40: 48.2 | G40: 75.64 | H40: =ROUND(G40*$H$8+G40,2) -> 94.29 | I40: =ROUND(H40*F40,2) -> 4544.78 | J40: =I40/$I$220 -> 0.0007551859
A41: 4.11 | B41: 101792 | C41: SINAPI | D41: ESCORAMENTO DE FÔRMAS DE LAJE EM MADEIRA NÃO APARELHADA, PÉ-DIREITO SIMPLES, INCLUSO TRAVAMENTO, 4 UTILIZAÇÕES. AF_09/2020 | E41: m³ | F41: 368.5 | G41: 19.07 | H41: =ROUND(G41*$H$8+G41,2) -> 23.77 | I41: =ROUND(H41*F41,2) -> 8759.25 | J41: =I41/$I$220 -> 0.0014554857
A42: 4.12 | B42: 92917 | C42: SINAPI | D42: ARMAÇÃO DE ESTRUTURAS DIVERSAS DE CONCRETO ARMADO, EXCETO VIGAS, PILARES, LAJES E FUNDAÇÕES, UTILIZANDO AÇO CA-50 DE 8,0 MM - MONTAGEM. AF_06/2022 | E42: KG | F42: 211 | G42: 13.42 | H42: =ROUND(G42*$H$8+G42,2) -> 16.73 | I42: =ROUND(H42*F42,2) -> 3530.03 | J42: =I42/$I$220 -> 0.0005865694
... A48: 4.18 | B48: PMBB 28 | C48: Próprio | D48: ESCADA METALICA | E48: un | F48: 5 | G48: 36594.36 | H48: =ROUND(G48*$H$8+G48,2) -> 45618.53 | I48: =ROUND(H48*F48,2) -> 228092.65 | J48: =I48/$I$220 -> 0.037901142
A49: 5 | D49: PAREDES E PAINÉIS | F49: 1 | I49: =I50+I52+I59 -> 1163497.7 | J49: =J50+J52+J59 -> 0.19333325
A50: 5.1 | D50: Alvenaria e Fechamentos | F50: 1 | I50: =I51 -> 736896.48 | J50: =SUM(J51) -> 0.12244681
A51: 5.1.1 | B51: 89453 | C51: SINAPI | D51: ALVENARIA DE BLOCOS DE CONCRETO ESTRUTURAL 14X19X39 CM (ESPESSURA 14 CM), FBK = 4,5 MPA, UTILIZANDO PALHETA. AF_10/2022 | E51: m² | F51: 6185.65 | G51: 95.56 | H51: =ROUND(G51*$H$8+G51,2) -> 119.13 | I51: =ROUND(H51*F51,2) -> 736896.48 | J51: =I51/$I$220 -> 0.12244681
A52: 5.2 | D52: Esquadrias Metálicas | F52: 1 | I52: =SUM(I53:I58) -> 281980.75 | J52: =SUM(J53:J58) -> 0.046855488
A53: 5.2.1 | B53: 94570 | C53: SINAPI | D53: JANELA DE ALUMÍNIO DE CORRER COM 2 FOLHAS PARA VIDROS (VIDROS INCLUSOS), BATENTE/ REQUADRO 6 A 14 CM, ACABAMENTO COM ACETATO OU BRILHANTE, FIXAÇÃO COM PARAFUSO, SEM GUARNIÇÃO/ ALIZAR, DIMENSÕES 100X120 CM, VEDAÇÃO COM SILICONE, EXCLUSIVE CONTRAMARCO - FORNECIMENTO E INSTALAÇÃO. AF_11/2024 | E53: m² | F53: 288 | G53: 273.79 | H53: =ROUND(G53*$H$8+G53,2) -> 341.31 | I53: =ROUND(H53*F53,2) -> 98297.28 | J53: =I53/$I$220 -> 0.016333622
A54: 5.2.2 | B54: 91307 | C54: SINAPI | D54: FECHADURA DE EMBUTIR PARA PORTAS INTERNAS, COMPLETA, ACABAMENTO PADRÃO POPULAR, COM EXECUÇÃO DE FURO - FORNECIMENTO E INSTALAÇÃO. AF_12/2019 | E54: UN | F54: 160 | G54: 92.26 | H54: =ROUND(G54*$H$8+G54,2) -> 115.01 | I54: =ROUND(H54*F54,2) -> 18401.6 | J54: =I54/$I$220 -> 0.0030577121
A55: 5.2.3 | B55: 090620 | C55: SEDOP | D55: Portão de ferro 7/8" c/ ferragens (incl. pint. anti-corrosiva) | E55: m² | F55: 24 | G55: 745.44 | H55: =ROUND(G55*$H$8+G55,2) -> 929.27 | I55: =ROUND(H55*F55,2) -> 22302.48 | J55: =I55/$I$220 -> 0.003705904
A56: 5.2.4 | B56: 241470 | C56: SEDOP | D56: Guarda-corpo em tubo de aço galvanizado 1 1/2" | E56: m² | F56: 67.95 | G56: 438.75 | H56: =ROUND(G56*$H$8+G56,2) -> 546.95 | I56: =ROUND(H56*F56,2) -> 37165.25 | J56: =I56/$I$220 -> 0.0061755844
A57: 5.2.5 | B57: 91338 | C57: SINAPI | D57: PORTA DE ALUMÍNIO DE ABRIR COM LAMBRI, COM GUARNIÇÃO, FIXAÇÃO COM PARAFUSOS - FORNECIMENTO E INSTALAÇÃO. AF_12/2019 | E57: m² | F57: 74.2 | G57: 684.21 | H57: =ROUND(G57*$H$8+G57,2) -> 852.94 | I57: =ROUND(H57*F57,2) -> 63288.15 | J57: =I57/$I$220 -> 0.010516311
A58: 5.2.6 | B58: 091516 | C58: SEDOP | D58: Esquadria basculante em vidro temperado de 8mm | E58: m² | F58: 34.2 | G58: 997.47 | H58: =ROUND(G58*$H$8+G58,2) -> 1243.45 | I58: =ROUND(H58*F58,2) -> 42525.99 | J58: =I58/$I$220 -> 0.0070663548
A59: 5.3 | D59: esquadrias de madeira | F59: 1 | I59: =SUM(I60:I63) -> 144620.49 | J59: =SUM(J60:J63) -> 0.024030944
A60: 5.3.1 | B60: 91331 | C60: SINAPI | D60: KIT DE PORTA DE MADEIRA FRISADA, SEMI-OCA (LEVE OU MÉDIA), PADRÃO POPULAR, 70X210CM, ESPESSURA DE 3CM, ITENS INCLUSOS: DOBRADIÇAS, MONTAGEM E INSTALAÇÃO DO BATENTE, SEM FECHADURA - FORNECIMENTO E INSTALAÇÃO. AF_12/2019 | E60: UN | F60: 114 | G60: 772.48 | H60: =ROUND(G60*$H$8+G60,2) -> 962.97 | I60: =ROUND(H60*F60,2) -> 109778.58 | J60: =I60/$I$220 -> 0.018241419
A61: 5.3.2 | B61: 105028 | C61: SINAPI | D61: CONTRAVERGA PRÉ-MOLDADA, ESPESSURA DE *10* CM. AF_03/2024 | E61: M | F61: 333.35 | G61: 23.74 | H61: =ROUND(G61*$H$8+G61,2) -> 29.59 | I61: =ROUND(H61*F61,2) -> 9863.83 | J61: =I61/$I$220 -> 0.0016390288
A62: 5.3.3 | B62: 105022 | C62: SINAPI | D62: VERGA PRÉ-MOLDADA COM ATÉ 1,5 M DE VÃO, ESPESSURA DE *10* CM. AF_03/2024 | E62: M | F62: 484.65 | G62: 24.08 | H62: =ROUND(G62*$H$8+G62,2) -> 30.02 | I62: =ROUND(H62*F62,2) -> 14549.19 | J62: =I62/$I$220 -> 0.0024175743
A63: 5.3.4 | B63: 090062 | C63: SEDOP | D63: Porta mad. compens. c/ caix. aduela e alizar | E63: m² | F63: 12.6 | G63: 663.96 | H63: =ROUND(G63*$H$8+G63,2) -> 827.69 | I63: =ROUND(H63*F63,2) -> 10428.89 | J63: =I63/$I$220 -> 0.0017329223
A64: 6 | D64: COBERTURA E PROTEÇÕES | F64: 1 | I64: =I65+I71 -> 359589.69 | J64: =J65+J71 -> 0.059751421
A65: 6.1 | D65: Telhados | F65: 1 | I65: =SUM(I66:I70) -> 278676.97 | J65: =SUM(J66:J70) -> 0.046306514
A66: 6.1.1 | B66: 92543 | C66: SINAPI | D66: TRAMA DE MADEIRA COMPOSTA POR TERÇAS PARA TELHADOS DE ATÉ 2 ÁGUAS PARA TELHA ONDULADA DE FIBROCIMENTO, METÁLICA, PLÁSTICA OU TERMOACÚSTICA, INCLUSO TRANSPORTE VERTICAL. AF_07/2019 | E66: m² | F66: 1376.45 | G66: 23.38 | H66: =ROUND(G66*$H$8+G66,2) -> 29.15 | I66: =ROUND(H66*F66,2) -> 40123.52 | J66: =I66/$I$220 -> 0.006667147
A67: 6.1.2 | B67: 070029 | C67: SEDOP | D67: Cumeeira em fibrocimento e=6mm | E67: m | F67: 79.15 | G67: 72.16 | H67: =ROUND(G67*$H$8+G67,2) -> 89.95 | I67: =ROUND(H67*F67,2) -> 7119.54 | J67: =I67/$I$220 -> 0.0011830223
A68: 6.1.3 | B68: 071364 | C68: SEDOP | D68: Cobertura em policarbonato Incolor- Incl. estr. metálica | E68: m² | F68: 22.35 | G68: 625.33 | H68: =ROUND(G68*$H$8+G68,2) -> 779.54 | I68: =ROUND(H68*F68,2) -> 17422.72 | J68: =I68/$I$220 -> 0.002895056
A69: 6.1.4 | B69: 92564 | C69: SINAPI | D69: FABRICAÇÃO E INSTALAÇÃO DE TESOURA INTEIRA EM MADEIRA NÃO APARELHADA, VÃO DE 12 M, PARA TELHA ONDULADA DE FIBROCIMENTO, METÁLICA, PLÁSTICA OU TERMOACÚSTICA, INCLUSO IÇAMENTO. AF_07/2019 | E69: UN | F69: 22 | G69: 3023.93 | H69: =ROUND(G69*$H$8+G69,2) -> 3769.63 | I69: =ROUND(H69*F69,2) -> 82931.86 | J69: =I69/$I$220 -> 0.013780419
A70: 6.1.5 | B70: 070047 | C70: SEDOP | D70: Cobertura - telha de fibrocimento e=6mm | E70: m² | F70: 1376.45 | G70: 76.39 | H70: =ROUND(G70*$H$8+G70,2) -> 95.23 | I70: =ROUND(H70*F70,2) -> 131079.33 | J70: =I70/$I$220 -> 0.02178087
A71: 6.2 | D71: impermeabilizações | F71: 1 | I71: =I72 -> 80912.72 | J71: =J72 -> 0.013444907
A72: 6.2.1 | B72: 080676 | C72: SEDOP | D72: Impermeabilização com massa asfáltica para concreto (2 demãos) | E72: m² | F72: 1791.69 | G72: 36.23 | H72: =ROUND(G72*$H$8+G72,2) -> 45.16 | I72: =ROUND(H72*F72,2) -> 80912.72 | J72: =I72/$I$220 -> 0.013444907
A73: 7 | D73: REVESTIMENTOS | F73: 1 | I73: =I74+I78+I86+I89+I81 -> 1026761.5 | J73: =J74+J78+J86+J89+J81 -> 0.1706124
A74: 7.1 | D74: Revestimentos Internos | F74: 1 | I74: =SUM(I75:I77) -> 337191.65 | J74: =SUM(J75:J77) -> 0.056029638
A75: 7.1.1 | B75: 131026 | C75: SEDOP | D75: Cerâmica anti-derrapante | E75: m² | F75: 151.6 | G75: 86.25 | H75: =ROUND(G75*$H$8+G75,2) -> 107.52 | I75: =ROUND(H75*F75,2) -> 16300.03 | J75: =I75/$I$220 -> 0.0027085036
A76: 7.1.2 | B76: 87249 | C76: SINAPI | D76: REVESTIMENTO CERÂMICO PARA PISO COM PLACAS TIPO ESMALTADA DE DIMENSÕES 45X45 CM APLICADA EM AMBIENTES DE ÁREA MENOR QUE 5 M2. AF_02/2023_PE | E76: m² | F76: 1447.8 | G76: 80.08 | H76: =ROUND(G76*$H$8+G76,2) -> 99.83 | I76: =ROUND(H76*F76,2) -> 144533.87 | J76: =I76/$I$220 -> 0.024016551
A77: 7.1.3 | B77: PRÓPRIA 0079 | C77: Próprio | D77: REVESTIMENTO GESSO | E77: m² | F77: 5331.25 | G77: 26.54 | H77: =ROUND(G77*$H$8+G77,2) -> 33.08 | I77: =ROUND(H77*F77,2) -> 176357.75 | J77: =I77/$I$220 -> 0.029304584
A78: 7.2 | D78: Revestimento Ceramico | F78: 1 | I78: =SUM(I79:I80) -> 162702.85 | J78: =SUM(J79:J80) -> 0.02703561
A79: 7.2.1 | B79: 87275 | C79: SINAPI | D79: REVESTIMENTO CERÂMICO PARA PAREDES INTERNAS COM PLACAS TIPO ESMALTADA DE DIMENSÕES 33X45 CM APLICADAS A MEIA ALTURA DAS PAREDES. AF_02/2023_PE | E79: m² | F79: 1105.1 | G79: 80.53 | H79: =ROUND(G79*$H$8+G79,2) -> 100.39 | I79: =ROUND(H79*F79,2) -> 110940.99 | J79: =I79/$I$220 -> 0.018434571
A80: 7.2.2 | B80: 87249 | C80: SINAPI | D80: REVESTIMENTO CERÂMICO PARA PISO COM PLACAS TIPO ESMALTADA DE DIMENSÕES 45X45 CM APLICADA EM AMBIENTES DE ÁREA MENOR QUE 5 M2. AF_02/2023_PE | E80: m² | F80: 518.5 | G80: 80.08 | H80: =ROUND(G80*$H$8+G80,2) -> 99.83 | I80: =ROUND(H80*F80,2) -> 51761.86 | J80: =I80/$I$220 -> 0.0086010383
A81: 7.3 | D81: Revestimentos externos | F81: 1 | I81: =SUM(I82:I85) -> 98103.75 | J81: =SUM(J82:J85) -> 0.016301464
A82: 7.3.1 | B82: 260168 | C82: SEDOP | D82: Plantio de grama (incl. terra preta) | E82: m² | F82: 39.3 | G82: 36.91 | H82: =ROUND(G82*$H$8+G82,2) -> 46.01 | I82: =ROUND(H82*F82,2) -> 1808.19 | J82: =I82/$I$220 -> 0.0003004589
A83: 7.3.2 | B83: 130112 | C83: SEDOP | D83: Concreto simples c/ seixo e=5cm traço 1:2:3 | E83: m² | F83: 25.94 | G83: 55.54 | H83: =ROUND(G83*$H$8+G83,2) -> 69.24 | I83: =ROUND(H83*F83,2) -> 1796.09 | J83: =I83/$I$220 -> 0.00029844829
A84: 7.3.3 | B84: PMBB 10 | C84: Próprio | D84: EMASSAMENTO EXTERNO MASSA ACRILICA - MASSA E PINTURA | E84: m² | F84: 3009.35 | G84: 20.52 | H84: =ROUND(G84*$H$8+G84,2) -> 25.58 | I84: =ROUND(H84*F84,2) -> 76979.17 | J84: =I84/$I$220 -> 0.012791287
A85: 7.3.4 | B85: CP.117 | C85: Próprio | D85: POLIMENTO MECANIZADO EM PISO ALTA RESISTENCIA INCLUSO RESINA | E85: m² | F85: 340.2 | G85: 41.31 | H85: =ROUND(G85*$H$8+G85,2) -> 51.5 | I85: =ROUND(H85*F85,2) -> 17520.3 | J85: =I85/$I$220 -> 0.0029112704
A86: 7.4 | D86: Forros | F86: 1 | I86: =SUM(I87:I88) -> 138271.85 | J86: =SUM(J87:J88) -> 0.022976019
A87: 7.4.1 | B87: PRÓPRIA 0079 | C87: Próprio | D87: REVESTIMENTO GESSO | E87: m² | F87: 1281.25 | G87: 26.54 | H87: =ROUND(G87*$H$8+G87,2) -> 33.08 | I87: =ROUND(H87*F87,2) -> 42383.75 | J87: =I87/$I$220 -> 0.0070427194
A88: 7.4.2 | B88: 96109 | C88: SINAPI | D88: FORRO EM PLACAS DE GESSO, PARA AMBIENTES RESIDENCIAIS. AF_08/2023_PS | E88: m² | F88: 1422.25 | G88: 54.08 | H88: =ROUND(G88*$H$8+G88,2) -> 67.42 | I88: =ROUND(H88*F88,2) -> 95888.1 | J88: =I88/$I$220 -> 0.015933299
A89: 7.5 | D89: Pinturas | F89: 1 | I89: =SUM(I90:I93) -> 290491.42 | J89: =SUM(J90:J93) -> 0.048269668
A90: 7.5.1 | B90: PRÓPRIA 0079 | C90: Próprio | D90: REVESTIMENTO GESSO | E90: m² | F90: 8371.25 | G90: 26.54 | H90: =ROUND(G90*$H$8+G90,2) -> 33.08 | I90: =ROUND(H90*F90,2) -> 276920.95 | J90: =I90/$I$220 -> 0.046014724
A91: 7.5.2 | B91: 102219 | C91: SINAPI | D91: PINTURA TINTA DE ACABAMENTO (PIGMENTADA) ESMALTE SINTÉTICO ACETINADO EM MADEIRA, 2 DEMÃOS. AF_01/2021 | E91: m² | F91: 380.8 | G91: 17.74 | H91: =ROUND(G91*$H$8+G91,2) -> 22.11 | I91: =ROUND(H91*F91,2) -> 8419.49 | J91: =I91/$I$220 -> 0.0013990292
A92: 7.5.3 | B92: 100740 | C92: SINAPI | D92: PINTURA COM TINTA ALQUÍDICA DE ACABAMENTO (ESMALTE SINTÉTICO ACETINADO) APLICADA A ROLO OU PINCEL SOBRE PERFIL METÁLICO EXECUTADO EM FÁBRICA (POR DEMÃO). AF_01/2020 | E92: m² | F92: 135.9 | G92: 12.02 | H92: =ROUND(G92*$H$8+G92,2) -> 14.98 | I92: =ROUND(H92*F92,2) -> 2035.78 | J92: =I92/$I$220 -> 0.00033827652
A93: 7.5.4 | B93: 100757 | C93: SINAPI | D93: PINTURA COM TINTA ALQUÍDICA DE ACABAMENTO (ESMALTE SINTÉTICO ACETINADO) PULVERIZADA SOBRE SUPERFÍCIES METÁLICAS (EXCETO PERFIL) EXECUTADO EM OBRA (02 DEMÃOS). AF_01/2020_PE | E93: m² | F93: 48 | G93: 52.06 | H93: =ROUND(G93*$H$8+G93,2) -> 64.9 | I93: =ROUND(H93*F93,2) -> 3115.2 | J93: =I93/$I$220 -> 0.00051763894
A94: 8 | D94: PAVIMENTAÇÃO | F94: 1 | I94: =I95+I97+I100 -> 328488.32 | J94: =J95+J97+J100 -> 0.054583444
A95: 8.1 | D95: ceramica (piso) | F95: 1 | I95: =SUM(I96:I96) -> 160921.03 | J95: =SUM(J96:J96) -> 0.026739533
A96: 8.1.1 | B96: 94991 | C96: SINAPI | D96: EXECUÇÃO DE PASSEIO (CALÇADA) OU PISO DE CONCRETO COM CONCRETO MOLDADO IN LOCO, USINADO C20, ACABAMENTO CONVENCIONAL, NÃO ARMADO. AF_08/2022 | E96: m³ | F96: 138.1 | G96: 934.74 | H96: =ROUND(G96*$H$8+G96,2) -> 1165.25 | I96: =ROUND(H96*F96,2) -> 160921.03 | J96: =I96/$I$220 -> 0.026739533
A97: 8.2 | D97: Cimentados | F97: 1 | I97: =SUM(I98:I99) -> 54702.6 | J97: =SUM(J98:J99) -> 0.009089688
A98: 8.2.1 | B98: 94991 | C98: SINAPI | D98: EXECUÇÃO DE PASSEIO (CALÇADA) OU PISO DE CONCRETO COM CONCRETO MOLDADO IN LOCO, USINADO C20, ACABAMENTO CONVENCIONAL, NÃO ARMADO. AF_08/2022 | E98: m³ | F98: 28.5 | G98: 934.74 | H98: =ROUND(G98*$H$8+G98,2) -> 1165.25 | I98: =ROUND(H98*F98,2) -> 33209.63 | J98: =I98/$I$220 -> 0.0055182966
A99: 8.2.2 | B99: C.002 | C99: Próprio | D99: GUIA (MEIO-FIO) CONCRETO, MOLDADA IN LOCO EM TRECHO CURVO COM EXTRUSORA, 12 CM BASE X 22 CM ALTURA. | E99: M | F99: 626.8 | G99: 27.51 | H99: =ROUND(G99*$H$8+G99,2) -> 34.29 | I99: =ROUND(H99*F99,2) -> 21492.97 | J99: =I99/$I$220 -> 0.0035713913
A100: 8.3 | D100: Rodapés e peitoris | F100: 1 | I100: =SUM(I101:I102) -> 112864.69 | J100: =SUM(J101:J102) -> 0.018754224
A101: 8.3.1 | B101: 88649 | C101: SINAPI | D101: RODAPÉ CERÂMICO DE 7CM DE ALTURA COM PLACAS TIPO ESMALTADA DE DIMENSÕES 45X45CM. AF_02/2023 | E101: M | F101: 4653.75 | G101: 9.7 | H101: =ROUND(G101*$H$8+G101,2) -> 12.09 | I101: =ROUND(H101*F101,2) -> 56263.84 | J101: =I101/$I$220 -> 0.0093491123
A102: 8.3.2 | B102: 130495 | C102: SEDOP | D102: Granito preto e=2cm | E102: m² | F102: 50.8 | G102: 893.78 | H102: =ROUND(G102*$H$8+G102,2) -> 1114.19 | I102: =ROUND(H102*F102,2) -> 56600.85 | J102: =I102/$I$220 -> 0.0094051117
A103: 9 | D103: INSTALAÇÕES | F103: 1 | I103: =I104+I143+I168+I203+I215 -> 1174908.9 | J103: =J104+J143+J168+J203+J215 -> 0.19522939
A104: 9.1 | D104: Elétricas/ Telefonicas | F104: 1 | I104: =SUM(I105:I142) -> 536688.1 | J104: =SUM(J105:J142) -> 0.089179077
A105: 9.1.1 | B105: 170415 | C105: SEDOP | D105: Mureta de mediçao em alv.c/laje em conc.(c=2.20/l=0.50/h=2.0m) | E105: un | F105: 5 | G105: 4357.22 | H105: =ROUND(G105*$H$8+G105,2) -> 5431.71 | I105: =ROUND(H105*F105,2) -> 27158.55 | J105: =I105/$I$220 -> 0.0045128156
A106: 9.1.2 | B106: 101883 | C106: SINAPI | D106: QUADRO DE DISTRIBUIÇÃO DE ENERGIA EM CHAPA DE AÇO GALVANIZADO, DE EMBUTIR, COM BARRAMENTO TRIFÁSICO, PARA 18 DISJUNTORES DIN 100A - FORNECIMENTO E INSTALAÇÃO. AF_10/2020 | E106: UN | F106: 40 | G106: 520.26 | H106: =ROUND(G106*$H$8+G106,2) -> 648.56 | I106: =ROUND(H106*F106,2) -> 25942.4 | J106: =I106/$I$220 -> 0.0043107333
A107: 9.1.3 | B107: 170880 | C107: SEDOP | D107: Caixa de passagem em aluminio 400x400x180mm | E107: un | F107: 50 | G107: 399.38 | H107: =ROUND(G107*$H$8+G107,2) -> 497.87 | I107: =ROUND(H107*F107,2) -> 24893.5 | J107: =I107/$I$220 -> 0.0041364423
A108: 9.1.4 | B108: 97605 | C108: SINAPI | D108: LUMINÁRIA ARANDELA TIPO MEIA LUA, DE SOBREPOR, COM 1 LÂMPADA LED DE 6 W, SEM REATOR - FORNECIMENTO E INSTALAÇÃO. AF_09/2024 | E108: UN | F108: 40 | G108: 79.9 | H108: =ROUND(G108*$H$8+G108,2) -> 99.6 | I108: =ROUND(H108*F108,2) -> 3984 | J108: =I108/$I$220 -> 0.00066200358
A109: 9.1.5 | B109: CP.104 | C109: Próprio | D109: LÂMPADA LED BULBO 30W | E109: und | F109: 240 | G109: 38.15 | H109: =ROUND(G109*$H$8+G109,2) -> 47.56 | I109: =ROUND(H109*F109,2) -> 11414.4 | J109: =I109/$I$220 -> 0.0018966801
A110: 9.1.6 | B110: 92023 | C110: SINAPI | D110: INTERRUPTOR SIMPLES (1 MÓDULO) COM 1 TOMADA DE EMBUTIR 2P+T 10 A, INCLUINDO SUPORTE E PLACA - FORNECIMENTO E INSTALAÇÃO. AF_03/2023 | E110: UN | F110: 160 | G110: 50.66 | H110: =ROUND(G110*$H$8+G110,2) -> 63.15 | I110: =ROUND(H110*F110,2) -> 10104 | J110: =I110/$I$220 -> 0.0016789368
A111: 9.1.7 | B111: 92027 | C111: SINAPI | D111: INTERRUPTOR SIMPLES (2 MÓDULOS) COM 1 TOMADA DE EMBUTIR 2P+T 10 A, INCLUINDO SUPORTE E PLACA - FORNECIMENTO E INSTALAÇÃO. AF_03/2023 | E111: UN | F111: 40 | G111: 66.18 | H111: =ROUND(G111*$H$8+G111,2) -> 82.5 | I111: =ROUND(H111*F111,2) -> 3300 | J111: =I111/$I$220 -> 0.00054834634
A112: 9.1.8 | B112: 91993 | C112: SINAPI | D112: TOMADA ALTA DE EMBUTIR (1 MÓDULO), 2P+T 20 A, INCLUINDO SUPORTE E PLACA - FORNECIMENTO E INSTALAÇÃO. AF_03/2023 | E112: UN | F112: 120 | G112: 47.57 | H112: =ROUND(G112*$H$8+G112,2) -> 59.3 | I112: =ROUND(H112*F112,2) -> 7116 | J112: =I112/$I$220 -> 0.0011824341
...

Sheet CRONOGRAMA
B1: PREFEITURA MUNICIPAL DE BREU BRANCO
B2: SECRETARIA MUNICIPAL DE OBRAS E INFRAESTRUTURA
B3: OBRA: PROVISÃO DE 40 UNIDADES HABITACIONAIS NO MUNICÍPIO DE BREU BRANCO/PA
B7: CRONOGRAMA FÍSICO-FINANCEIRO
B8: ITEM | C8: SERVIÇOS | G8: 1º MÊS | H8: 2º MÊS | I8: 3º MÊS | J8: 4º MÊS | K8: 5 MÊS | L8: 6º MÊS | M8: 7º MÊS | N8: 8º MÊS | O8: 9º MÊS | P8: 10º MÊS | Q8: TOTAL | R8: %
G9: 30 DIAS | H9: 60 DIAS | I9: 90 DIAS | J9: 120 DIAS | K9: 150 DIAS | L9: 180 DIAS | M9: 210 DIAS | N9: 240 DIAS | O9: 270 DIAS | P9: 300 DIAS
B11: 1 | C11: ='EAP FINAL'!D14 -> SERVIÇOS PRELIMINARES GERAIS | G11: =G12/Q12 -> 0.68220238 | P11: =P12/Q12 -> 0.31779762 | Q11: =SUM(G11:P11) -> 1 | R11: =Q12/$Q$32 -> 0.0099047832
G12: ='EAP FINAL'!I15+'EAP FINAL'!I16+'EAP FINAL'!I18+'EAP FINAL'!I19+'EAP FINAL'!I17/2 -> 40664.665 | P12: ='EAP FINAL'!I17/2 -> 18943.255 | Q12: ='EAP FINAL'!I14 -> 59607.92 | S12: =SUM(G12:P12) -> 59607.92
B13: 2 | C13: ='EAP FINAL'!D20 -> ADMINISTRAÇÃO LOCAL | G13: 0.1 | H13: 0.1 | I13: 0.1 | J13: 0.1 | K13: 0.1 | L13: 0.1 | M13: 0.1 | N13: 0.1 | O13: 0.1 | P13: 0.1 | Q13: =SUM(G13:P13) -> 1 | R13: =Q14/$Q$32 -> 0.025189173
G14: =G13*$Q14 -> 15159.082 | H14: =H13*$Q14 -> 15159.082 | I14: =I13*$Q14 -> 15159.082 | J14: =J13*$Q14 -> 15159.082 | K14: =K13*$Q14 -> 15159.082 | L14: =L13*$Q14 -> 15159.082 | M14: =M13*$Q14 -> 15159.082 | N14: =N13*$Q14 -> 15159.082 | ... P14: =P13*$Q14 -> 15159.082 | Q14: ='EAP FINAL'!I20 -> 151590.82 | S14: =SUM(G14:P14) -> 151590.82
B15: 3 | C15: ='EAP FINAL'!D22 -> FUNDAÇÕES | G15: 0.5 | H15: 0.5 | Q15: =SUM(G15:P15) -> 1 | R15: =Q16/$Q$32 -> 0.12057119
G16: =G15*$Q16 -> 362804.39 | H16: =H15*$Q16 -> 362804.39 | Q16: ='EAP FINAL'!I22 -> 725608.77 | S16: =SUM(G16:P16) -> 725608.77
B17: 4 | C17: ='EAP FINAL'!D30 -> SUPEESTRUTURA | I17: =100%/4 -> 0.25 | J17: 0.25 | K17: 0.25 | L17: 0.25 | Q17: =SUM(G17:P17) -> 1 | R17: =Q18/$Q$32 -> 0.16596921
I18: =I17*$Q18 -> 249704.59 | J18: =J17*$Q18 -> 249704.59 | K18: =K17*$Q18 -> 249704.59 | L18: =L17*$Q18 -> 249704.59 | Q18: ='EAP FINAL'!I30 -> 998818.36 | S18: =SUM(G18:P18) -> 998818.36
B19: 5 | C19: ='EAP FINAL'!D49 -> PAREDES E PAINÉIS | J19: 0.25 | K19: 0.25 | L19: 0.25 | M19: 0.25 | Q19: =SUM(G19:P19) -> 1 | R19: =Q20/$Q$32 -> 0.19333325
J20: =$Q20*J19 -> 290874.43 | K20: =$Q20*K19 -> 290874.43 | L20: =$Q20*L19 -> 290874.43 | M20: =$Q20*M19 -> 290874.43 | Q20: ='EAP FINAL'!I49 -> 1163497.7 | S20: =SUM(G20:P20) -> 1163497.7
B21: 6 | C21: ='EAP FINAL'!D64 -> COBERTURA E PROTEÇÕES | L21: 0.5 | M21: 0.25 | N21: 0.25 | Q21: =SUM(G21:P21) -> 1 | R21: =Q22/$Q$32 -> 0.059751421
L22: =$Q22*L21 -> 179794.84 | M22: =$Q22*M21 -> 89897.422 | N22: =$Q22*N21 -> 89897.422 | Q22: ='EAP FINAL'!I64 -> 359589.69 | S22: =SUM(G22:P22) -> 359589.69
B23: 7 | C23: ='EAP FINAL'!D73 -> REVESTIMENTOS | L23: 0.2 | M23: 0.2 | N23: 0.2 | O23: 0.2 | P23: 0.2 | Q23: =SUM(G23:P23) -> 1 | R23: =Q24/$Q$32 -> 0.1706124
L24: =$Q24*L23 -> 205352.3 | M24: =$Q24*M23 -> 205352.3 | N24: =$Q24*N23 -> 205352.3 | O24: =$Q24*O23 -> 205352.3 | P24: =$Q24*P23 -> 205352.3 | Q24: ='EAP FINAL'!I73 -> 1026761.5 | S24: =SUM(G24:P24) -> 1026761.5
B25: 8 | C25: ='EAP FINAL'!D94 -> PAVIMENTAÇÃO | K25: 0.2 | L25: 0.2 | M25: 0.2 | N25: 0.2 | O25: 0.2 | Q25: =SUM(G25:P25) -> 1 | R25: =Q26/$Q$32 -> 0.054583444
K26: =$Q26*K25 -> 65697.664 | L26: =$Q26*L25 -> 65697.664 | M26: =$Q26*M25 -> 65697.664 | N26: =$Q26*N25 -> 65697.664 | O26: =$Q26*O25 -> 65697.664 | Q26: ='EAP FINAL'!I94 -> 328488.32 | S26: =SUM(G26:P26) -> 328488.32
B27: 9 | C27: ='EAP FINAL'!D103 -> INSTALAÇÕES | I27: 0.2 | J27: 0.2 | K27: 0.2 | L27: 0.2 | M27: 0.2 | Q27: =SUM(G27:N27) -> 1 | R27: =Q28/$Q$32 -> 0.19522939
I28: =$Q28*I27 -> 234981.77 | J28: =$Q28*J27 -> 234981.77 | K28: =$Q28*K27 -> 234981.77 | L28: =$Q28*L27 -> 234981.77 | M28: =$Q28*M27 -> 234981.77 | Q28: ='EAP FINAL'!I103 -> 1174908.9 | S28: =SUM(G28:P28) -> 1174908.9
B29: 10 | C29: ='EAP FINAL'!D217 -> COMPLEMENTARES | P29: 1 | Q29: =SUM(G29:P29) -> 1 | R29: =Q30/$Q$32 -> 0.004855753
P30: =$Q30*P29 -> 29222.38 | Q30: ='EAP FINAL'!I217 -> 29222.38 | S30: =SUM(G30:P30) -> 29222.38
B32: PARCIAIS SIMPLES | G32: =G12+G14+G16+G18+G20+G22+G24+G26+G28+G30 -> 418628.13 | H32: =H12+H14+H16+H18+H20+H22+H24+H26+H28+H30 -> 377963.47 | I32: =I12+I14+I16+I18+I20+I22+I24+I26+I28+I30 -> 499845.45 | J32: =J12+J14+J16+J18+J20+J22+J24+J26+J28+J30 -> 790719.88 | K32: =K12+K14+K16+K18+K20+K22+K24+K26+K28+K30 -> 856417.54 | L32: =L12+L14+L16+L18+L20+L22+L24+L26+L28+L30 -> 1241564.7 | M32: =M12+M14+M16+M18+M20+M22+M24+M26+M28+M30 -> 901962.68 | N32: =N12+N14+N16+N18+N20+N22+N24+N26+N28+N30 -> 376106.47 | ... Q32: =Q12+Q14+Q16+Q18+Q20+Q22+Q24+Q26+Q28+Q30 -> 6018094.4
B33: PERCENTUAIS SIMPLES (%) | G33: =G32/$Q$32 -> 0.069561577 | H33: =H32/$Q$32 -> 0.06280451 | I33: =I32/$Q$32 -> 0.083057097 | J33: =J32/$Q$32 -> 0.13139041 | K33: =K32/$Q$32 -> 0.1423071 | L33: =L32/$Q$32 -> 0.20630529 | M33: =M32/$Q$32 -> 0.14987513 | N33: =N32/$Q$32 -> 0.062495941 | ... P33: =P32/$Q$32 -> 0.044644867 | Q33: =SUM(G33:N33) -> 0.90779705 | R33: =SUM(R11:R30) -> 1
B34: PARCIAIS ACUMULADAS | H34: =G32+H32 -> 796591.6 | I34: =H34+I32 -> 1296437 | J34: =I34+J32 -> 2087156.9 | K34: =J34+K32 -> 2943574.5 | L34: =K34+L32 -> 4185139.2 | M34: =L34+M32 -> 5087101.8 | N34: =M34+N32 -> 5463208.3 | O34: =N34+O32 -> 5749417.3 | P34: =O34+P32 -> 6018094.4
B35: PERCENTUAIS ACUMULADOS (%) | H35: =H34/$Q$32 -> 0.13236609 | I35: =I34/$Q$32 -> 0.21542318 | J35: =J34/$Q$32 -> 0.34681359 | K35: =K34/$Q$32 -> 0.48912069 | L35: =L34/$Q$32 -> 0.69542598 | M35: =M34/$Q$32 -> 0.84530111 | N35: =N34/$Q$32 -> 0.90779705 | O35: =O34/$Q$32 -> 0.95535513 | P35: =P34/$Q$32 -> 1

Sheet BDI
B1: =CRONOGRAMA!B1 -> PREFEITURA MUNICIPAL DE BREU BRANCO
B2: =CRONOGRAMA!B2 -> SECRETARIA MUNICIPAL DE OBRAS E INFRAESTRUTURA
B4: OBRA: PROVISÃO DE UNIDADES HABITACIONAIS NO MUNICÍPIO DE BREU BRANCO/PA
B7: COMPOSIÇÃO DE B.D.I. (BONIFICAÇÃO E DESPESAS INDIRETAS)
B8: DESONERADO
B9: ITEM | C9: DESCRIÇÃO | G9: %
B10: 1 | C10: CUSTOS DIRETOS | G10: 0.0536
B12: 1.1 | C12: ADMINISTRAÇÃO CENTRAL - (AC) | G12: 0.03
B14: 1.2 | C14: SEGUROS - (S) | G14: 0.004
B16: 1.3 | C16: GARANTIAS - (G) | G16: 0.004
B18: 1.4 | C18: RISCOS - (R). | G18: 0.0097
B20: 1.5 | C20: DESPESAS FINANCEIRAS - (DF) | G20: 0.0059
B22: 2 | C22: IMPOSTOS - (I) | G22: =SUM(G23:G26) -> 0.1025
B23: 2.1 | C23: PIS | G23: 0.0065
B24: 2.2 | C24: COFINS | G24: 0.03
B25: 2.3 | C25: IMPOSTO SOBRE SERVIÇO - I.S.S. | G25: 0.03
B26: 2.4 | C26: CPRB | G26: 0.036
B28: 3 | C28: LUCRO - (L) | G28: =G29 -> 0.0616
B29: 3.1 | C29: LUCRATIVIDADE BRUTA | G29: 0.0616
B31: 4 | C31: BDI | G31: =(((1+G12+G14+G18+G16)*(1+G20)*(1+G28))/(1-G22))-1 -> 0.2465744

Sheet ANALITICO
B10: OBRA: PROVISÃO DE 40 UNIDADES HABITACIONAIS NO MUNICÍPIO DE BREU BRANCO/PA
E11: =BDI!G31 -> 0.2465744 | G11: Desonerado
A13: 1 | D13: SERVIÇOS PRELIMINARES GERAIS | J13: 59607.92
A14: 1.1 | B14: Código | C14: Banco | D14: Descrição | E14: Tipo | G14: Und | H14: Quant. | I14: Valor Unit | J14: Total
A15: Composição | B15: 103689 | C15: SINAPI | D15: FORNECIMENTO E INSTALAÇÃO DE PLACA DE OBRA COM CHAPA GALVANIZADA E ESTRUTURA DE MADEIRA. AF_03/2022_PS | E15: Sinalização Vertical Viária | G15: m² | H15: 1 | I15: 468.64 | J15: 468.64 | K15: =IF(J15=0,"FALSO","")
A16: Composição Auxiliar | B16: 102234 | C16: SINAPI | D16: PINTURA IMUNIZANTE PARA MADEIRA, 2 DEMÃOS. AF_01/2021 | E16: Pintura em Madeira | G16: m² | H16: 0.5 | I16: 25.94 | J16: 12.97 | K16: =IF(J16=0,"FALSO","")
A17: Composição Auxiliar | B17: 88262 | C17: SINAPI | D17: CARPINTEIRO DE FORMAS COM ENCARGOS COMPLEMENTARES | E17: Livro SINAPI: Cálculos e Parâmetros | G17: H | H17: 0.3729 | I17: 28.12 | J17: 10.48 | K17: =IF(J17=0,"FALSO","")
A18: Composição Auxiliar | B18: 88316 | C18: SINAPI | D18: SERVENTE COM ENCARGOS COMPLEMENTARES | E18: Livro SINAPI: Cálculos e Parâmetros | G18: H | H18: 1.1186 | I18: 23.48 | J18: 26.26 | K18: =IF(J18=0,"FALSO","")
A19: Insumo | B19: 00005065 | C19: SINAPI | D19: PREGO DE ACO POLIDO COM CABECA 10 X 10 (7/8 X 17) | E19: Material | G19: KG | H19: 0.0113 | I19: 32.37 | J19: 0.36 | K19: =IF(J19=0,"FALSO","")
A20: Insumo | B20: 00004813 | C20: SINAPI | D20: PLACA DE OBRA (PARA CONSTRUCAO CIVIL) EM CHAPA GALVANIZADA *N. 22*, ADESIVADA, DE *2,4 X 1,2* M (SEM POSTES PARA FIXACAO) | E20: Material | G20: m² | H20: 1 | I20: 400 | J20: 400 | K20: =IF(J20=0,"FALSO","")
A21: Insumo | B21: 00004509 | C21: SINAPI | D21: SARRAFO *2,5 X 10* CM EM PINUS, MISTA OU EQUIVALENTE DA REGIAO - BRUTA | E21: Material | G21: M | H21: 3.2083 | I21: 5.72 | J21: 18.35 | K21: =IF(J21=0,"FALSO","")
A22: Insumo | B22: 00005069 | C22: SINAPI | D22: PREGO DE ACO POLIDO COM CABECA 17 X 27 (2 1/2 X 11) | E22: Material | G22: KG | H22: 0.0132 | I22: 17.34 | J22: 0.22 | K22: =IF(J22=0,"FALSO","")
E23: MO sem LS => | F23: 26.44 | G23: LS => | H23: 0 | I23: MO com LS => | J23: 26.44 | K23: =IF(J23=0,"FALSO","")
E24: Valor do BDI => | F24: 115.57 | H24: Valor com BDI => | J24: 584.21 | K24: =IF(J24=0,"FALSO","")
G25: Quant. => | H25: 6,00 | I25: Preço Total => | J25: 3505.26 | K25: =IF(J25=0,"FALSO","")
K26: =IF(J26=0,"FALSO","") -> FALSO
A27: 1.2 | B27: Código | C27: Banco | D27: Descrição | E27: Tipo | G27: Und | H27: Quant. | I27: Valor Unit | J27: Total | K27: =IF(J27=0,"FALSO","")
A28: Composição | B28: 010269 | C28: SEDOP | D28: Locação planimetrica de linha | E28: 0 | G28: m | H28: 1 | I28: 2.69 | J28: 2.69 | K28: =IF(J28=0,"FALSO","")
A29: Composição Auxiliar | B29: 280026 | C29: SEDOP | D29: SERVENTE COM ENCARGOS COMPLEMENTARES | E29: 0 | G29: h | H29: 0.03 | I29: 26.13 | J29: 0.78 | K29: =IF(J29=0,"FALSO","")
A30: Composição Auxiliar | B30: 280013 | C30: SEDOP | D30: CARPINTEIRO COM ENCARGOS COMPLEMENTARES | E30: 0 | G30: h | H30: 0.03 | I30: 31.75 | J30: 0.95 | K30: =IF(J30=0,"FALSO","")
A31: Insumo | B31: D00082 | C31: SEDOP | D31: Prego 2"x11 | E31: Material | G31: kg | H31: 0.005 | I31: 20.36 | J31: 0.1 | K31: =IF(J31=0,"FALSO","")
A32: Insumo | B32: D00281 | C32: SEDOP | D32: Pernamanca 3" x 2" 4 m - madeira branca | E32: Material | G32: Dz | H32: 0.004 | I32: 215 | J32: 0.86 | K32: =IF(J32=0,"FALSO","")
E33: MO sem LS => | F33: 1.15 | G33: LS => | H33: 0 | I33: MO com LS => | J33: 1.15 | K33: =IF(J33=0,"FALSO","")
E34: Valor do BDI => | F34: 0.66 | H34: Valor com BDI => | J34: 3.35 | K34: =IF(J34=0,"FALSO","")
G35: Quant. => | H35: 1.380,55 | I35: Preço Total => | J35: 4624.84 | K35: =IF(J35=0,"FALSO","")
K36: =IF(J36=0,"FALSO","") -> FALSO
A37: 1.3 | B37: Código | C37: Banco | D37: Descrição | E37: Tipo | G37: Und | H37: Quant. | I37: Valor Unit | J37: Total | K37: =IF(J37=0,"FALSO","")
A38: Composição | B38: PMI 13 | C38: Próprio | D38: Mobilização e Desmobilização de Equipamento e Mão de Obra | E38: SEOP - SERVIÇOS OPERACIONAIS | G38: UND | H38: 1 | I38: 30391.87 | J38: 30391.87 | K38: =IF(J38=0,"FALSO","")
A39: Composição Auxiliar | B39: 5928 | C39: SINAPI | D39: GUINDAUTO HIDRÁULICO, CAPACIDADE MÁXIMA DE CARGA 6200 KG, MOMENTO MÁXIMO DE CARGA 11,7 TM, ALCANCE MÁXIMO HORIZONTAL 9,70 M, INCLUSIVE CAMINHÃO TOCO PBT 16.000 KG, POTÊNCIA DE 189 CV - CHP DIURNO. AF_06/2014 | E39: Custos Horários Produtivo e Improdutivo dos Equipamentos | G39: CHP | H39: 50 | I39: 287.6 | J39: 14380 | K39: =IF(J39=0,"FALSO","")
A40: Composição Auxiliar | B40: 73340 | C40: SINAPI | D40: CAMINHÃO TOCO, PBT 14.300 KG, CARGA ÚTIL MÁX. 9.710 KG, DIST. ENTRE EIXOS 3,56 M, POTÊNCIA 185 CV, INCLUSIVE CARROCERIA FIXA ABERTA DE MADEIRA P/ TRANSPORTE GERAL DE CARGA SECA, DIMEN. APROX. 2,50 X 6,50 X 0,50 M - MATERIAIS NA OPERAÇÃO. AF_06/2014 | E40: Depreciação, Juros, Impostos e Seguros, Manutenção e Materiais na Operação dos Equipamentos | G40: H | H40: 50 | I40: 163.75 | J40: 8187.5 | K40: =IF(J40=0,"FALSO","")
A41: Composição Auxiliar | B41: 88316 | C41: SINAPI | D41: SERVENTE COM ENCARGOS COMPLEMENTARES | E41: Livro SINAPI: Cálculos e Parâmetros | G41: H | H41: 180 | I41: 23.48 | J41: 4226.4 | K41: =IF(J41=0,"FALSO","")
A42: Composição Auxiliar | B42: 88282 | C42: SINAPI | D42: MOTORISTA DE CAMINHÃO COM ENCARGOS COMPLEMENTARES | E42: Livro SINAPI: Cálculos e Parâmetros | G42: H | H42: 85 | I42: 29.01 | J42: 2465.85 | K42: =IF(J42=0,"FALSO","")
A43: Composição Auxiliar | B43: 88286 | C43: SINAPI | D43: MOTORISTA OPERADOR DE MUNCK COM ENCARGOS COMPLEMENTARES | E43: Livro SINAPI: Cálculos e Parâmetros | G43: H | H43: 35.68 | I43: 31.73 | J43: 1132.12 | K43: =IF(J43=0,"FALSO","")
E44: MO sem LS => | F44: 6179.49 | G44: LS => | H44: 0 | I44: MO com LS => | J44: 6179.49 | K44: =IF(J44=0,"FALSO","")
E45: Valor do BDI => | F45: 7494.64 | H45: Valor com BDI => | J45: 37886.51 | K45: =IF(J45=0,"FALSO","")
G46: Quant. => | H46: 1,00 | I46: Preço Total => | J46: 37886.51 | K46: =IF(J46=0,"FALSO","")
K47: =IF(J47=0,"FALSO","") -> FALSO
A48: 1.4 | B48: Código | C48: Banco | D48: Descrição | E48: Tipo | G48: Und | H48: Quant. | I48: Valor Unit | J48: Total | K48: =IF(J48=0,"FALSO","")
A49: Composição | B49: 010005 | C49: SEDOP | D49: Barracão de madeira/Almoxarifado | E49: 0 | G49: m² | H49: 1 | I49: 569.87 | J49: 569.87 | K49: =IF(J49=0,"FALSO","")
A50: Composição Auxiliar | B50: 280013 | C50: SEDOP | D50: CARPINTEIRO COM ENCARGOS COMPLEMENTARES | E50: 0 | G50: h | H50: 6.7 | I50: 31.75 | J50: 212.72 | K50: =IF(J50=0,"FALSO","")
A51: Composição Auxiliar | B51: 280026 | C51: SEDOP | D51: SERVENTE COM ENCARGOS COMPLEMENTARES | E51: 0 | G51: h | H51: 7.5 | I51: 26.13 | J51: 195.97 | K51: =IF(J51=0,"FALSO","")
A52: Insumo | B52: D00062 | C52: SEDOP | D52: Dobradiça 3"x3" com parafuso | E52: Material | G52: un | H52: 0.19 | I52: 25.78 | J52: 4.89 | K52: =IF(J52=0,"FALSO","")
A53: Insumo | B53: D00059 | C53: SEDOP | D53: Cadeado No. 30 | E53: Material | G53: un | H53: 0.02 | I53: 35.2 | J53: 0.7 | K53: =IF(J53=0,"FALSO","")
A54: Insumo | B54: D00081 | C54: SEDOP | D54: Prego 2 1/2"x10 | E54: Material | G54: kg | H54: 0.5 | I54: 18.68 | J54: 9.34 | K54: =IF(J54=0,"FALSO","")
A55: Insumo | B55: D00015 | C55: SEDOP | D55: Tábua de madeira forte 4m | E55: Material | G55: Dz | H55: 0.14 | I55: 240 | J55: 33.6 | K55: =IF(J55=0,"FALSO","")
A56: Insumo | B56: D00001 | C56: SEDOP | D56: Parafuso fo go 5/16" c= 110mm | E56: Material | G56: un | H56: 0.04 | I56: 1.48 | J56: 0.05 | K56: =IF(J56=0,"FALSO","")
A57: Insumo | B57: D00049 | C57: SEDOP | D57: Telha fibrotex (1.22x0.55m) e=4mm | E57: Material | G57: un | H57: 0.82 | I57: 15.5 | J57: 12.71 | K57: =IF(J57=0,"FALSO","")
A58: Insumo | B58: D00060 | C58: SEDOP | D58: Aldrava p/ cadeado (4x1/2") | E58: Material | G58: un | H58: 0.02 | I58: 10.72 | J58: 0.21 | K58: =IF(J58=0,"FALSO","")
A59: Insumo | B59: D00016 | C59: SEDOP | D59: Tábua de madeira branca 4m | E59: Material | G59: Dz | H59: 0.38 | I59: 115.02 | J59: 43.7 | K59: =IF(J59=0,"FALSO","")
A60: Insumo | B60: D00019 | C60: SEDOP | D60: Régua 3"x1" 4 m apar. | E60: Material | G60: Dz | H60: 0.05 | I60: 336 | J60: 16.8 | K60: =IF(J60=0,"FALSO","")
A61: Insumo | B61: D00281 | C61: SEDOP | D61: Pernamanca 3" x 2" 4 m - madeira branca | E61: Material | G61: Dz | H61: 0.17 | I61: 215 | J61: 36.55 | K61: =IF(J61=0,"FALSO","")
A62: Insumo | B62: D00344 | C62: SEDOP | D62: Arruela concava em PVC d=5/16" | E62: Material | G62: un | H62: 0.5 | I62: 0.7 | J62: 0.35 | K62: =IF(J62=0,"FALSO","")
A63: Insumo | B63: D00061 | C63: SEDOP | D63: Fechadura de sobrepor comum | E63: Material | G63: un | H63: 0.02 | I63: 77.21 | J63: 1.54 | K63: =IF(J63=0,"FALSO","")
A64: Insumo | B64: D00002 | C64: SEDOP | D64: Massa de vedação | E64: Material | G64: kg | H64: 0.042 | I64: 17.73 | J64: 0.74 | K64: =IF(J64=0,"FALSO","")
E65: MO sem LS => | F65: 271.12 | G65: LS => | H65: 0 | I65: MO com LS => | J65: 271.12 | K65: =IF(J65=0,"FALSO","")
E66: Valor do BDI => | F66: 140.53 | H66: Valor com BDI => | J66: 710.4 | K66: =IF(J66=0,"FALSO","")
G67: Quant. => | H67: 6,50 | I67: Preço Total => | J67: 4617.6 | K67: =IF(J67=0,"FALSO","")
K68: =IF(J68=0,"FALSO","") -> FALSO
A69: 1.5 | B69: Código | C69: Banco | D69: Descrição | E69: Tipo | G69: Und | H69: Quant. | I69: Valor Unit | J69: Total | K69: =IF(J69=0,"FALSO","")
A70: Composição | B70: 011171 | C70: SEDOP | D70: Licenças e taxas da obra (até 500m2) | E70: 0 | G70: cj | H70: 1 | I70: 7198.55 | J70: 7198.55 | K70: =IF(J70=0,"FALSO","")
A71: Insumo | B71: D00322 | C71: SEDOP | D71: Ligação provisória - luz | E71: Taxas | G71: un | H71: 1 | I71: 250.57 | J71: 250.57 | K71: =IF(J71=0,"FALSO","")
A72: Insumo | B72: D00343 | C72: SEDOP | D72: Taxa de Incêndio | E72: Taxas | G72: un | H72: 1 | I72: 1321.15 | J72: 1321.15 | K72: =IF(J72=0,"FALSO","")
A73: Insumo | B73: D00389 | C73: SEDOP | D73: Taxa do CREA (II) | E73: Taxas | G73: un | H73: 1 | I73: 1148.82 | J73: 1148.82 | K73: =IF(J73=0,"FALSO","")
A74: Insumo | B74: D00321 | C74: SEDOP | D74: Ligação provisoria - agua/esgoto | E74: Taxas | G74: un | H74: 1 | I74: 528.96 | J74: 528.96 | K74: =IF(J74=0,"FALSO","")
A75: Insumo | B75: D00387 | C75: SEDOP | D75: Taxa da PMB (II) | E75: Taxas | G75: un | H75: 1 | I75: 3949.05 | J75: 3949.05 | K75: =IF(J75=0,"FALSO","")
E76: MO sem LS => | F76: 0 | G76: LS => | H76: 0 | I76: MO com LS => | J76: 0 | K76: =IF(J76=0,"FALSO","") -> FALSO
E77: Valor do BDI => | F77: 1775.16 | H77: Valor com BDI => | J77: 8973.71 | K77: =IF(J77=0,"FALSO","")
G78: Quant. => | H78: 1,00 | I78: Preço Total => | J78: 8973.71 | K78: =IF(J78=0,"FALSO","")
K79: =IF(J79=0,"FALSO","") -> FALSO
A80: 2 | D80: ADMINISTRAÇÃO LOCAL | J80: 151590.82 | K80: =IF(J80=0,"FALSO","")
A81: 2.1 | B81: Código | C81: Banco | D81: Descrição | E81: Tipo | G81: Und | H81: Quant. | I81: Valor Unit | J81: Total | K81: =IF(J81=0,"FALSO","")
A82: Composição | B82: PMBB 12 | C82: Próprio | D82: ADMINISTRAÇÃO LOCAL | E82: ASTU - ASSENTAMENTO DE TUBOS E PECAS | G82: und | H82: 1 | I82: 121603.42 | J82: 121603.42 | K82: =IF(J82=0,"FALSO","")
A83: Composição Auxiliar | B83: 93572 | C83: SINAPI | D83: ENCARREGADO GERAL DE OBRAS COM ENCARGOS COMPLEMENTARES | E83: Livro SINAPI: Cálculos e Parâmetros | G83: MES | H83: 8 | I83: 4106.99 | J83: 32855.92 | K83: =IF(J83=0,"FALSO","")
A84: Composição Auxiliar | B84: 90777 | C84: SINAPI | D84: ENGENHEIRO CIVIL DE OBRA JUNIOR COM ENCARGOS COMPLEMENTARES | E84: Livro SINAPI: Cálculos e Parâmetros | G84: H | H84: 750 | I84: 118.33 | J84: 88747.5 | K84: =IF(J84=0,"FALSO","")
E85: MO sem LS => | F85: 115538.56 | G85: LS => | H85: 0 | I85: MO com LS => | J85: 115538.56 | K85: =IF(J85=0,"FALSO","")
E86: Valor do BDI => | F86: 29987.4 | H86: Valor com BDI => | J86: 151590.82 | K86: =IF(J86=0,"FALSO","")
G87: Quant. => | H87: 1,00 | I87: Preço Total => | J87: 151590.82 | K87: =IF(J87=0,"FALSO","")
K88: =IF(J88=0,"FALSO","") -> FALSO
A89: 3 | D89: FUNDAÇÕES | J89: 725608.77 | K89: =IF(J89=0,"FALSO","")
A90: 3.1 | B90: Código | C90: Banco | D90: Descrição | E90: Tipo | G90: Und | H90: Quant. | I90: Valor Unit | J90: Total | K90: =IF(J90=0,"FALSO","")
A91: Composição | B91: 96558 | C91: SINAPI | D91: CONCRETAGEM DE SAPATA, FCK 30 MPA, COM USO DE BOMBA - LANÇAMENTO, ADENSAMENTO E ACABAMENTO. AF_01/2024 | E91: Fundações Rasas (Blocos, Sapatas, Vigas Baldrame) | G91: m³ | H91: 1 | I91: 988.89 | J91: 988.89 | K91: =IF(J91=0,"FALSO","")
A92: Composição Auxiliar | B92: 90587 | C92: SINAPI | D92: VIBRADOR DE IMERSÃO, DIÂMETRO DE PONTEIRA 45MM, MOTOR ELÉTRICO TRIFÁSICO POTÊNCIA DE 2 CV - CHI DIURNO. AF_06/2015 | E92: Custos Horários Produtivo e Improdutivo dos Equipamentos | G92: CHI | H92: 0.133 | I92: 0.56 | J92: 0.07 | K92: =IF(J92=0,"FALSO","")
A93: Composição Auxiliar | B93: 90586 | C93: SINAPI | D93: VIBRADOR DE IMERSÃO, DIÂMETRO DE PONTEIRA 45MM, MOTOR ELÉTRICO TRIFÁSICO POTÊNCIA DE 2 CV - CHP DIURNO. AF_06/2015 | E93: Custos Horários Produtivo e Improdutivo dos Equipamentos | G93: CHP | H93: 0.161 | I93: 1.53 | J93: 0.24 | K93: =IF(J93=0,"FALSO","")
A94: Composição Auxiliar | B94: 88309 | C94: SINAPI | D94: PEDREIRO COM ENCARGOS COMPLEMENTARES | E94: Livro SINAPI: Cálculos e Parâmetros | G94: H | H94: 0.587 | I94: 28.51 | J94: 16.73 | K94: =IF(J94=0,"FALSO","")
A95: Composição Auxiliar | B95: 88316 | C95: SINAPI | D95: SERVENTE COM ENCARGOS COMPLEMENTARES | E95: Livro SINAPI: Cálculos e Parâmetros | G95: H | H95: 0.881 | I95: 23.48 | J95: 20.68 | K95: =IF(J95=0,"FALSO","")
A96: Insumo | B96: 00001525 | C96: SINAPI | D96: CONCRETO USINADO BOMBEAVEL, CLASSE DE RESISTENCIA C30, BRITA 0 E 1, SLUMP = 100 +/- 20 MM, COM BOMBEAMENTO (DISPONIBILIZACAO DE BOMBA), SEM O LANCAMENTO (NBR 8953) | E96: Material | G96: m³ | H96: 1.26 | I96: 754.9 | J96: 951.17 | K96: =IF(J96=0,"FALSO","")
E97: MO sem LS => | F97: 23.04 | G97: LS => | H97: 0 | I97: MO com LS => | J97: 23.04 | K97: =IF(J97=0,"FALSO","")
E98: Valor do BDI => | F98: 243.86 | H98: Valor com BDI => | J98: 1232.75 | K98: =IF(J98=0,"FALSO","")
G99: Quant. => | H99: 248,25 | I99: Preço Total => | J99: 306030.19 | K99: =IF(J99=0,"FALSO","")
K100: =IF(J100=0,"FALSO","") -> FALSO
A101: 3.2 | B101: Código | C101: Banco | D101: Descrição | E101: Tipo | G101: Und | H101: Quant. | I101: Valor Unit | J101: Total | K101: =IF(J101=0,"FALSO","")
A102: Composição | B102: 104917 | C102: SINAPI | D102: ARMAÇÃO DE SAPATA ISOLADA, VIGA BALDRAME E SAPATA CORRIDA UTILIZANDO AÇO CA-50 DE 6,3 MM - MONTAGEM. AF_01/2024 | E102: Fundações Rasas (Blocos, Sapatas, Vigas Baldrame) | G102: KG | H102: 1 | I102: 15.15 | J102: 15.15 | K102: =IF(J102=0,"FALSO","")
A103: Composição Auxiliar | B103: 92801 | C103: SINAPI | D103: CORTE E DOBRA DE AÇO CA-50, DIÂMETRO DE 6,3 MM. AF_06/2022 | E103: Armação para Estruturas de Concreto Armado | G103: KG | H103: 1 | I103: 9.57 | J103: 9.57 | K103: =IF(J103=0,"FALSO","")
A104: Composição Auxiliar | B104: 88238 | C104: SINAPI | D104: AJUDANTE DE ARMADOR COM ENCARGOS COMPLEMENTARES | E104: Livro SINAPI: Cálculos e Parâmetros | G104: H | H104: 0.05 | I104: 23.94 | J104: 1.19 | K104: =IF(J104=0,"FALSO","")
A105: Composição Auxiliar | B105: 88245 | C105: SINAPI | D105: ARMADOR COM ENCARGOS COMPLEMENTARES | E105: Livro SINAPI: Cálculos e Parâmetros | G105: H | H105: 0.131 | I105: 28.34 | J105: 3.71 | K105: =IF(J105=0,"FALSO","")
A106: Insumo | B106: 00043132 | C106: SINAPI | D106: ARAME RECOZIDO 16 BWG, D = 1,65 MM (0,016 KG/M) OU 18 BWG, D = 1,25 MM (0,01 KG/M) | E106: Material | G106: KG | H106: 0.025 | I106: 21.8 | J106: 0.54 | K106: =IF(J106=0,"FALSO","")
A107: Insumo | B107: 00039017 | C107: SINAPI | D107: ESPACADOR / DISTANCIADOR CIRCULAR COM ENTRADA LATERAL, EM PLASTICO, PARA VERGALHAO *4,2 A 12,5* MM, COBRIMENTO 20 MM | E107: Material | G107: UN | H107: 0.644 | I107: 0.22 | J107: 0.14 | K107: =IF(J107=0,"FALSO","")
E108: MO sem LS => | F108: 3.76 | G108: LS => | H108: 0 | I108: MO com LS => | J108: 3.76 | K108: =IF(J108=0,"FALSO","")
E109: Valor do BDI => | F109: 3.74 | H109: Valor com BDI => | J109: 18.89 | K109: =IF(J109=0,"FALSO","")
G110: Quant. => | H110: 143,50 | I110: Preço Total => | J110: 2710.72 | K110: =IF(J110=0,"FALSO","")
...

Sheet MEMÓRIA DE CÁLCULO
B1: PREFEITURA MUNICIPAL DE BREU BRANCO
B2: SECRETARIA MUNICIPAL DE OBRAS E INFRAESTRUTURA
B3: OBRA: PROVISÃO DE 40 UNIDADES HABITACIONAIS NO MUNICÍPIO DE BREU BRANCO/PA
B5: MEMÓRIA DE CÁLCULO
A6: ITEM | B6: FONTE | C6: CODIGO | D6: DESCRIÇÃO | E6: COMP. | F6: LARG. | G6: ALT. | H6: (X) | I6: DIST. | J6: COEF. | K6: VOLUME | L6: AREA | M6: UNID. | N6: QUANT.
A7: 1 | D7: ='EAP FINAL'!D14 -> SERVIÇOS PRELIMINARES GERAIS
A8: ='EAP FINAL'!A15 -> 1.1 | B8: ='EAP FINAL'!B15 -> 103689 | C8: ='EAP FINAL'!C15 -> SINAPI | D8: ='EAP FINAL'!D15 -> FORNECIMENTO E INSTALAÇÃO DE PLACA DE OBRA COM CHAPA GALVANIZADA E ESTRUTURA DE MADEIRA. AF_03/2022_PS | L8: =N8 -> 6 | M8: ='EAP FINAL'!E15 -> m² | N8: ='EAP FINAL'!F15 -> 6
A9: ='EAP FINAL'!A16 -> 1.2 | B9: ='EAP FINAL'!B16 -> 010269 | C9: ='EAP FINAL'!C16 -> SEDOP | D9: ='EAP FINAL'!D16 -> Locação planimetrica de linha | E9: =N9 -> 1380.55 | M9: ='EAP FINAL'!E16 -> m | N9: ='EAP FINAL'!F16 -> 1380.55
A10: ='EAP FINAL'!A17 -> 1.3 | B10: ='EAP FINAL'!B17 -> PMI 13 | C10: ='EAP FINAL'!C17 -> Próprio | D10: ='EAP FINAL'!D17 -> Mobilização e Desmobilização de Equipamento e Mão de Obra | H10: =N10 -> 1 | M10: ='EAP FINAL'!E17 -> UND | N10: ='EAP FINAL'!F17 -> 1
A11: ='EAP FINAL'!A20 -> 2 | D11: ='EAP FINAL'!D20 -> ADMINISTRAÇÃO LOCAL | M11: ='EAP FINAL'!E20 -> 0 | N11: ='EAP FINAL'!F20 -> 1
A12: ='EAP FINAL'!A21 -> 2.1 | B12: ='EAP FINAL'!B21 -> PMBB 12 | C12: ='EAP FINAL'!C21 -> Próprio | D12: ='EAP FINAL'!D21 -> ADMINISTRAÇÃO LOCAL | H12: =N12 -> 1 | L12: =R12 -> 0 | M12: ='EAP FINAL'!E21 -> und | N12: ='EAP FINAL'!F21 -> 1
A13: ='EAP FINAL'!A22 -> 3 | D13: ='EAP FINAL'!D22 -> FUNDAÇÕES | M13: ='EAP FINAL'!E22 -> 0 | N13: ='EAP FINAL'!F22 -> 1 | O13: =3*8*12*4 -> 1152
A14: ='EAP FINAL'!A23 -> 3.1 | B14: ='EAP FINAL'!B23 -> 96558 | C14: ='EAP FINAL'!C23 -> SINAPI | D14: ='EAP FINAL'!D23 -> CONCRETAGEM DE SAPATA, FCK 30 MPA, COM USO DE BOMBA - LANÇAMENTO, ADENSAMENTO E ACABAMENTO. AF_01/2024 | K14: =N14 -> 248.25 | M14: ='EAP FINAL'!E23 -> m³ | N14: ='EAP FINAL'!F23 -> 248.25
A15: ='EAP FINAL'!A24 -> 3.2 | B15: ='EAP FINAL'!B24 -> 104917 | C15: ='EAP FINAL'!C24 -> SINAPI | D15: ='EAP FINAL'!D24 -> ARMAÇÃO DE SAPATA ISOLADA, VIGA BALDRAME E SAPATA CORRIDA UTILIZANDO AÇO CA-50 DE 6,3 MM - MONTAGEM. AF_01/2024 | H15: =N15 -> 143.5 | M15: ='EAP FINAL'!E24 -> KG | N15: ='EAP FINAL'!F24 -> 143.5 | O15: CONSIDERANDO 3 DIAS POR SEMANA 8 HRS POR DIAS X4 SEMANAS X12 MESESS
A16: ='EAP FINAL'!A25 -> 3.3 | B16: ='EAP FINAL'!B25 -> 104918 | C16: ='EAP FINAL'!C25 -> SINAPI | D16: ='EAP FINAL'!D25 -> ARMAÇÃO DE SAPATA ISOLADA, VIGA BALDRAME E SAPATA CORRIDA UTILIZANDO AÇO CA-50 DE 8 MM - MONTAGEM. AF_01/2024 | H16: =N16 -> 8213.5 | M16: ='EAP FINAL'!E25 -> KG | N16: ='EAP FINAL'!F25 -> 8213.5
A17: ='EAP FINAL'!A26 -> 3.4 | B17: ='EAP FINAL'!B26 -> 104920 | C17: ='EAP FINAL'!C26 -> SINAPI | D17: ='EAP FINAL'!D26 -> ARMAÇÃO DE BLOCO, SAPATA ISOLADA, VIGA BALDRAME E SAPATA CORRIDA UTILIZANDO AÇO CA-50 DE 12,5 MM - MONTAGEM. AF_01/2024 | H17: =N17 -> 2461 | M17: ='EAP FINAL'!E26 -> KG | N17: ='EAP FINAL'!F26 -> 2461
A18: ='EAP FINAL'!A27 -> 3.5 | B18: ='EAP FINAL'!B27 -> 104919 | C18: ='EAP FINAL'!C27 -> SINAPI | D18: ='EAP FINAL'!D27 -> ARMAÇÃO DE SAPATA ISOLADA, VIGA BALDRAME E SAPATA CORRIDA UTILIZANDO AÇO CA-50 DE 10 MM - MONTAGEM. AF_01/2024 | H18: =N18 -> 1207.5 | M18: ='EAP FINAL'!E27 -> KG | N18: ='EAP FINAL'!F27 -> 1207.5
A19: ='EAP FINAL'!A28 -> 3.6 | B19: ='EAP FINAL'!B28 -> 96543 | C19: ='EAP FINAL'!C28 -> SINAPI | D19: ='EAP FINAL'!D28 -> ARMAÇÃO DE BLOCO UTILIZANDO AÇO CA-60 DE 5 MM - MONTAGEM. AF_01/2024 | H19: =N19 -> 2595.5 | M19: ='EAP FINAL'!E28 -> KG | N19: ='EAP FINAL'!F28 -> 2595.5
A20: ='EAP FINAL'!A29 -> 3.7 | B20: ='EAP FINAL'!B29 -> 96536 | C20: ='EAP FINAL'!C29 -> SINAPI | D20: ='EAP FINAL'!D29 -> FABRICAÇÃO, MONTAGEM E DESMONTAGEM DE FÔRMA PARA VIGA BALDRAME, EM MADEIRA SERRADA, E=25 MM, 4 UTILIZAÇÕES. AF_01/2024 | L20: =N20 -> 1690.7 | M20: ='EAP FINAL'!E29 -> m² | N20: ='EAP FINAL'!F29 -> 1690.7
A21: ='EAP FINAL'!A30 -> 4 | D21: ='EAP FINAL'!D30 -> SUPEESTRUTURA | M21: ='EAP FINAL'!E30 -> 0 | N21: ='EAP FINAL'!F30 -> 1
A22: ='EAP FINAL'!A31 -> 4.1 | B22: ='EAP FINAL'!B31 -> 103672 | C22: ='EAP FINAL'!C31 -> SINAPI | D22: ='EAP FINAL'!D31 -> CONCRETAGEM DE PILARES, FCK = 25 MPA, COM USO DE BOMBA - LANÇAMENTO, ADENSAMENTO E ACABAMENTO. AF_02/2022_PS | K22: =N22 -> 92.9 | M22: ='EAP FINAL'!E31 -> m³ | N22: ='EAP FINAL'!F31 -> 92.9
A23: ='EAP FINAL'!A32 -> 4.2 | B23: ='EAP FINAL'!B32 -> 96536 | C23: ='EAP FINAL'!C32 -> SINAPI | D23: ='EAP FINAL'!D32 -> FABRICAÇÃO, MONTAGEM E DESMONTAGEM DE FÔRMA PARA VIGA BALDRAME, EM MADEIRA SERRADA, E=25 MM, 4 UTILIZAÇÕES. AF_01/2024 | L23: =N23 -> 684.15 | M23: ='EAP FINAL'!E32 -> m² | N23: ='EAP FINAL'!F32 -> 684.15
A24: ='EAP FINAL'!A33 -> 4.3 | B24: ='EAP FINAL'!B33 -> 92761 | C24: ='EAP FINAL'!C33 -> SINAPI | D24: ='EAP FINAL'!D33 -> ARMAÇÃO DE PILAR OU VIGA DE ESTRUTURA CONVENCIONAL DE CONCRETO ARMADO UTILIZANDO AÇO CA-50 DE 8,0 MM - MONTAGEM. AF_06/2022 | H24: =N24 -> 1599.5 | M24: ='EAP FINAL'!E33 -> KG | N24: ='EAP FINAL'!F33 -> 1599.5
A25: ='EAP FINAL'!A34 -> 4.4 | B25: ='EAP FINAL'!B34 -> 92759 | C25: ='EAP FINAL'!C34 -> SINAPI | D25: ='EAP FINAL'!D34 -> ARMAÇÃO DE PILAR OU VIGA DE ESTRUTURA CONVENCIONAL DE CONCRETO ARMADO UTILIZANDO AÇO CA-60 DE 5,0 MM - MONTAGEM. AF_06/2022 | H25: =N25 -> 651 | M25: ='EAP FINAL'!E34 -> KG | N25: ='EAP FINAL'!F34 -> 651
A26: ='EAP FINAL'!A35 -> 4.5 | B26: ='EAP FINAL'!B35 -> 96536 | C26: ='EAP FINAL'!C35 -> SINAPI | D26: ='EAP FINAL'!D35 -> FABRICAÇÃO, MONTAGEM E DESMONTAGEM DE FÔRMA PARA VIGA BALDRAME, EM MADEIRA SERRADA, E=25 MM, 4 UTILIZAÇÕES. AF_01/2024 | L26: =N26 -> 630.1 | M26: ='EAP FINAL'!E35 -> m² | N26: ='EAP FINAL'!F35 -> 630.1
A27: ='EAP FINAL'!A36 -> 4.6 | B27: ='EAP FINAL'!B36 -> 92761 | C27: ='EAP FINAL'!C36 -> SINAPI | D27: ='EAP FINAL'!D36 -> ARMAÇÃO DE PILAR OU VIGA DE ESTRUTURA CONVENCIONAL DE CONCRETO ARMADO UTILIZANDO AÇO CA-50 DE 8,0 MM - MONTAGEM. AF_06/2022 | H27: =N27 -> 1432.5 | M27: ='EAP FINAL'!E36 -> KG | N27: ='EAP FINAL'!F36 -> 1432.5
A28: ='EAP FINAL'!A37 -> 4.7 | B28: ='EAP FINAL'!B37 -> 92759 | C28: ='EAP FINAL'!C37 -> SINAPI | D28: ='EAP FINAL'!D37 -> ARMAÇÃO DE PILAR OU VIGA DE ESTRUTURA CONVENCIONAL DE CONCRETO ARMADO UTILIZANDO AÇO CA-60 DE 5,0 MM - MONTAGEM. AF_06/2022 | H28: =N28 -> 683 | M28: ='EAP FINAL'!E37 -> KG | N28: ='EAP FINAL'!F37 -> 683
A29: ='EAP FINAL'!A38 -> 4.8 | B29: ='EAP FINAL'!B38 -> 050771 | C29: ='EAP FINAL'!C38 -> SEDOP | D29: ='EAP FINAL'!D38 -> Laje pré-moldada treliçada e=16cm (Incl. capeamento) - unidirecional | L29: =N29 -> 1346.05 | M29: ='EAP FINAL'!E38 -> m² | N29: ='EAP FINAL'!F38 -> 1346.05
A30: ='EAP FINAL'!A39 -> 4.9 | B30: ='EAP FINAL'!B39 -> 105539 | C30: ='EAP FINAL'!C39 -> SINAPI | D30: ='EAP FINAL'!D39 -> CONCRETAGEM DE EDIFICAÇÕES (PAREDES E LAJES) FEITAS COM SISTEMA DE FÔRMAS MANUSEÁVEIS, COM CONCRETO USINADO AUTOADENSÁVEL REFORÇADO COM FIBRAS DE POLIPROPILENO, FCK 25 MPA - LANÇAMENTO E ACABAMENTO. AF_09/2024 | K30: =N30 -> 49.1 | M30: ='EAP FINAL'!E39 -> m³ | N30: ='EAP FINAL'!F39 -> 49.1
A31: ='EAP FINAL'!A40 -> 4.10 | B31: ='EAP FINAL'!B40 -> 96536 | C31: ='EAP FINAL'!C40 -> SINAPI | D31: ='EAP FINAL'!D40 -> FABRICAÇÃO, MONTAGEM E DESMONTAGEM DE FÔRMA PARA VIGA BALDRAME, EM MADEIRA SERRADA, E=25 MM, 4 UTILIZAÇÕES. AF_01/2024 | L31: =N31 -> 48.2 | M31: ='EAP FINAL'!E40 -> m² | N31: ='EAP FINAL'!F40 -> 48.2
A32: ='EAP FINAL'!A41 -> 4.11 | B32: ='EAP FINAL'!B41 -> 101792 | C32: ='EAP FINAL'!C41 -> SINAPI | D32: ='EAP FINAL'!D41 -> ESCORAMENTO DE FÔRMAS DE LAJE EM MADEIRA NÃO APARELHADA, PÉ-DIREITO SIMPLES, INCLUSO TRAVAMENTO, 4 UTILIZAÇÕES. AF_09/2020 | K32: =N32 -> 368.5 | M32: ='EAP FINAL'!E41 -> m³ | N32: ='EAP FINAL'!F41 -> 368.5
A33: ='EAP FINAL'!A42 -> 4.12 | B33: ='EAP FINAL'!B42 -> 92917 | C33: ='EAP FINAL'!C42 -> SINAPI | D33: ='EAP FINAL'!D42 -> ARMAÇÃO DE ESTRUTURAS DIVERSAS DE CONCRETO ARMADO, EXCETO VIGAS, PILARES, LAJES E FUNDAÇÕES, UTILIZANDO AÇO CA-50 DE 8,0 MM - MONTAGEM. AF_06/2022 | H33: =N33 -> 211 | M33: ='EAP FINAL'!E42 -> KG | N33: ='EAP FINAL'!F42 -> 211
A34: ='EAP FINAL'!A43 -> 4.13 | B34: ='EAP FINAL'!B43 -> 92768 | C34: ='EAP FINAL'!C43 -> SINAPI | D34: ='EAP FINAL'!D43 -> ARMAÇÃO DE LAJE DE ESTRUTURA CONVENCIONAL DE CONCRETO ARMADO UTILIZANDO AÇO CA-60 DE 5,0 MM - MONTAGEM. AF_06/2022 | H34: =N34 -> 53.5 | M34: ='EAP FINAL'!E43 -> KG | N34: ='EAP FINAL'!F43 -> 53.5
A35: ='EAP FINAL'!A44 -> 4.14 | B35: ='EAP FINAL'!B44 -> 90279 | C35: ='EAP FINAL'!C44 -> SINAPI | D35: ='EAP FINAL'!D44 -> GRAUTE FGK=20 MPA; TRAÇO 1:0,04:1,8:2,1 (EM MASSA SECA DE CIMENTO/ CAL/ AREIA GROSSA/ BRITA 0) - PREPARO MECÂNICO COM BETONEIRA 400 L. AF_09/2021 | K35: =N35 -> 69.25 | M35: ='EAP FINAL'!E44 -> m³ | N35: ='EAP FINAL'!F44 -> 69.25
A36: ='EAP FINAL'!A45 -> 4.15 | B36: ='EAP FINAL'!B45 -> 92761 | C36: ='EAP FINAL'!C45 -> SINAPI | D36: ='EAP FINAL'!D45 -> ARMAÇÃO DE PILAR OU VIGA DE ESTRUTURA CONVENCIONAL DE CONCRETO ARMADO UTILIZANDO AÇO CA-50 DE 8,0 MM - MONTAGEM. AF_06/2022 | H36: =N36 -> 4247.3 | M36: ='EAP FINAL'!E45 -> KG | N36: ='EAP FINAL'!F45 -> 4247.3
A37: ='EAP FINAL'!A46 -> 4.16 | B37: ='EAP FINAL'!B46 -> 92762 | C37: ='EAP FINAL'!C46 -> SINAPI | D37: ='EAP FINAL'!D46 -> ARMAÇÃO DE PILAR OU VIGA DE ESTRUTURA CONVENCIONAL DE CONCRETO ARMADO UTILIZANDO AÇO CA-50 DE 10,0 MM - MONTAGEM. AF_06/2022 | H37: =N37 -> 254 | M37: ='EAP FINAL'!E46 -> KG | N37: ='EAP FINAL'!F46 -> 254
A38: ='EAP FINAL'!A47 -> 4.17 | B38: ='EAP FINAL'!B47 -> 92916 | C38: ='EAP FINAL'!C47 -> SINAPI | D38: ='EAP FINAL'!D47 -> ARMAÇÃO DE ESTRUTURAS DIVERSAS DE CONCRETO ARMADO, EXCETO VIGAS, PILARES, LAJES E FUNDAÇÕES, UTILIZANDO AÇO CA-50 DE 6,3 MM - MONTAGEM. AF_06/2022 | H38: =N38 -> 26.35 | M38: ='EAP FINAL'!E47 -> KG | N38: ='EAP FINAL'!F47 -> 26.35
A39: ='EAP FINAL'!A48 -> 4.18 | B39: ='EAP FINAL'!B48 -> PMBB 28 | C39: ='EAP FINAL'!C48 -> Próprio | D39: ='EAP FINAL'!D48 -> ESCADA METALICA | H39: =N39 -> 5 | M39: ='EAP FINAL'!E48 -> un | N39: ='EAP FINAL'!F48 -> 5
A40: ='EAP FINAL'!A49 -> 5 | D40: ='EAP FINAL'!D49 -> PAREDES E PAINÉIS | M40: ='EAP FINAL'!E49 -> 0 | N40: ='EAP FINAL'!F49 -> 1
A41: ='EAP FINAL'!A50 -> 5.1 | D41: ='EAP FINAL'!D50 -> Alvenaria e Fechamentos | M41: ='EAP FINAL'!E50 -> 0 | N41: ='EAP FINAL'!F50 -> 1
A42: ='EAP FINAL'!A51 -> 5.1.1 | B42: ='EAP FINAL'!B51 -> 89453 | C42: ='EAP FINAL'!C51 -> SINAPI | D42: ='EAP FINAL'!D51 -> ALVENARIA DE BLOCOS DE CONCRETO ESTRUTURAL 14X19X39 CM (ESPESSURA 14 CM), FBK = 4,5 MPA, UTILIZANDO PALHETA. AF_10/2022 | L42: =N42 -> 6185.65 | M42: ='EAP FINAL'!E51 -> m² | N42: ='EAP FINAL'!F51 -> 6185.65
A43: ='EAP FINAL'!A52 -> 5.2 | D43: ='EAP FINAL'!D52 -> Esquadrias Metálicas | M43: ='EAP FINAL'!E52 -> 0 | N43: ='EAP FINAL'!F52 -> 1
A44: ='EAP FINAL'!A53 -> 5.2.1 | B44: ='EAP FINAL'!B53 -> 94570 | C44: ='EAP FINAL'!C53 -> SINAPI | D44: ='EAP FINAL'!D53 -> JANELA DE ALUMÍNIO DE CORRER COM 2 FOLHAS PARA VIDROS (VIDROS INCLUSOS), BATENTE/ REQUADRO 6 A 14 CM, ACABAMENTO COM ACETATO OU BRILHANTE, FIXAÇÃO COM PARAFUSO, SEM GUARNIÇÃO/ ALIZAR, DIMENSÕES 100X120 CM, VEDAÇÃO COM SILICONE, EXCLUSIVE CONTRAMARCO - FORNECIMENTO E INSTALAÇÃO. AF_11/2024 | L44: =N44 -> 288 | M44: ='EAP FINAL'!E53 -> m² | N44: ='EAP FINAL'!F53 -> 288
A45: ='EAP FINAL'!A54 -> 5.2.2 | B45: ='EAP FINAL'!B54 -> 91307 | C45: ='EAP FINAL'!C54 -> SINAPI | D45: ='EAP FINAL'!D54 -> FECHADURA DE EMBUTIR PARA PORTAS INTERNAS, COMPLETA, ACABAMENTO PADRÃO POPULAR, COM EXECUÇÃO DE FURO - FORNECIMENTO E INSTALAÇÃO. AF_12/2019 | H45: =N45 -> 160 | M45: ='EAP FINAL'!E54 -> UN | N45: ='EAP FINAL'!F54 -> 160
A46: ='EAP FINAL'!A55 -> 5.2.3 | B46: ='EAP FINAL'!B55 -> 090620 | C46: ='EAP FINAL'!C55 -> SEDOP | D46: ='EAP FINAL'!D55 -> Portão de ferro 7/8" c/ ferragens (incl. pint. anti-corrosiva) | L46: =N46 -> 24 | M46: ='EAP FINAL'!E55 -> m² | N46: ='EAP FINAL'!F55 -> 24
A47: ='EAP FINAL'!A56 -> 5.2.4 | B47: ='EAP FINAL'!B56 -> 241470 | C47: ='EAP FINAL'!C56 -> SEDOP | D47: ='EAP FINAL'!D56 -> Guarda-corpo em tubo de aço galvanizado 1 1/2" | L47: =N47 -> 67.95 | M47: ='EAP FINAL'!E56 -> m² | N47: ='EAP FINAL'!F56 -> 67.95
A48: ='EAP FINAL'!A57 -> 5.2.5 | B48: ='EAP FINAL'!B57 -> 91338 | C48: ='EAP FINAL'!C57 -> SINAPI | D48: ='EAP FINAL'!D57 -> PORTA DE ALUMÍNIO DE ABRIR COM LAMBRI, COM GUARNIÇÃO, FIXAÇÃO COM PARAFUSOS - FORNECIMENTO E INSTALAÇÃO. AF_12/2019 | L48: =N48 -> 74.2 | M48: ='EAP FINAL'!E57 -> m² | N48: ='EAP FINAL'!F57 -> 74.2
A49: ='EAP FINAL'!A59 -> 5.3 | D49: ='EAP FINAL'!D59 -> esquadrias de madeira | M49: ='EAP FINAL'!E59 -> 0 | N49: ='EAP FINAL'!F59 -> 1
A50: ='EAP FINAL'!A60 -> 5.3.1 | B50: ='EAP FINAL'!B60 -> 91331 | C50: ='EAP FINAL'!C60 -> SINAPI | D50: ='EAP FINAL'!D60 -> KIT DE PORTA DE MADEIRA FRISADA, SEMI-OCA (LEVE OU MÉDIA), PADRÃO POPULAR, 70X210CM, ESPESSURA DE 3CM, ITENS INCLUSOS: DOBRADIÇAS, MONTAGEM E INSTALAÇÃO DO BATENTE, SEM FECHADURA - FORNECIMENTO E INSTALAÇÃO. AF_12/2019 | H50: =N50 -> 114 | M50: ='EAP FINAL'!E60 -> UN | N50: ='EAP FINAL'!F60 -> 114
A51: ='EAP FINAL'!A61 -> 5.3.2 | B51: ='EAP FINAL'!B61 -> 105028 | C51: ='EAP FINAL'!C61 -> SINAPI | D51: ='EAP FINAL'!D61 -> CONTRAVERGA PRÉ-MOLDADA, ESPESSURA DE *10* CM. AF_03/2024 | E51: =N51 -> 333.35 | M51: ='EAP FINAL'!E61 -> M | N51: ='EAP FINAL'!F61 -> 333.35
A52: ='EAP FINAL'!A62 -> 5.3.3 | B52: ='EAP FINAL'!B62 -> 105022 | C52: ='EAP FINAL'!C62 -> SINAPI | D52: ='EAP FINAL'!D62 -> VERGA PRÉ-MOLDADA COM ATÉ 1,5 M DE VÃO, ESPESSURA DE *10* CM. AF_03/2024 | E52: =N52 -> 484.65 | M52: ='EAP FINAL'!E62 -> M | N52: ='EAP FINAL'!F62 -> 484.65
A53: ='EAP FINAL'!A63 -> 5.3.4 | B53: ='EAP FINAL'!B63 -> 090062 | C53: ='EAP FINAL'!C63 -> SEDOP | D53: ='EAP FINAL'!D63 -> Porta mad. compens. c/ caix. aduela e alizar | L53: =N53 -> 12.6 | M53: ='EAP FINAL'!E63 -> m² | N53: ='EAP FINAL'!F63 -> 12.6
A54: ='EAP FINAL'!A64 -> 6 | D54: ='EAP FINAL'!D64 -> COBERTURA E PROTEÇÕES | M54: ='EAP FINAL'!E64 -> 0 | N54: ='EAP FINAL'!F64 -> 1
A55: ='EAP FINAL'!A65 -> 6.1 | D55: ='EAP FINAL'!D65 -> Telhados | M55: ='EAP FINAL'!E65 -> 0 | N55: ='EAP FINAL'!F65 -> 1
A56: ='EAP FINAL'!A66 -> 6.1.1 | B56: ='EAP FINAL'!B66 -> 92543 | C56: ='EAP FINAL'!C66 -> SINAPI | D56: ='EAP FINAL'!D66 -> TRAMA DE MADEIRA COMPOSTA POR TERÇAS PARA TELHADOS DE ATÉ 2 ÁGUAS PARA TELHA ONDULADA DE FIBROCIMENTO, METÁLICA, PLÁSTICA OU TERMOACÚSTICA, INCLUSO TRANSPORTE VERTICAL. AF_07/2019 | L56: =N56 -> 1376.45 | M56: ='EAP FINAL'!E66 -> m² | N56: ='EAP FINAL'!F66 -> 1376.45
A57: ='EAP FINAL'!A67 -> 6.1.2 | B57: ='EAP FINAL'!B67 -> 070029 | C57: ='EAP FINAL'!C67 -> SEDOP | D57: ='EAP FINAL'!D67 -> Cumeeira em fibrocimento e=6mm | M57: ='EAP FINAL'!E67 -> m | N57: ='EAP FINAL'!F67 -> 79.15
A58: ='EAP FINAL'!A68 -> 6.1.3 | B58: ='EAP FINAL'!B68 -> 071364 | C58: ='EAP FINAL'!C68 -> SEDOP | D58: ='EAP FINAL'!D68 -> Cobertura em policarbonato Incolor- Incl. estr. metálica | L58: =N58 -> 22.35 | M58: ='EAP FINAL'!E68 -> m² | N58: ='EAP FINAL'!F68 -> 22.35
A59: ='EAP FINAL'!A69 -> 6.1.4 | B59: ='EAP FINAL'!B69 -> 92564 | C59: ='EAP FINAL'!C69 -> SINAPI | D59: ='EAP FINAL'!D69 -> FABRICAÇÃO E INSTALAÇÃO DE TESOURA INTEIRA EM MADEIRA NÃO APARELHADA, VÃO DE 12 M, PARA TELHA ONDULADA DE FIBROCIMENTO, METÁLICA, PLÁSTICA OU TERMOACÚSTICA, INCLUSO IÇAMENTO. AF_07/2019 | M59: ='EAP FINAL'!E69 -> UN | N59: ='EAP FINAL'!F69 -> 22
A60: ='EAP FINAL'!A71 -> 6.2 | D60: ='EAP FINAL'!D71 -> impermeabilizações | M60: ='EAP FINAL'!E71 -> 0 | N60: ='EAP FINAL'!F71 -> 1
A61: ='EAP FINAL'!A72 -> 6.2.1 | B61: ='EAP FINAL'!B72 -> 080676 | C61: ='EAP FINAL'!C72 -> SEDOP | D61: ='EAP FINAL'!D72 -> Impermeabilização com massa asfáltica para concreto (2 demãos) | M61: ='EAP FINAL'!E72 -> m² | N61: ='EAP FINAL'!F72 -> 1791.69
A62: ='EAP FINAL'!A73 -> 7 | D62: ='EAP FINAL'!D73 -> REVESTIMENTOS | M62: ='EAP FINAL'!E73 -> 0 | N62: ='EAP FINAL'!F73 -> 1
A63: ='EAP FINAL'!A74 -> 7.1 | D63: ='EAP FINAL'!D74 -> Revestimentos Internos | M63: ='EAP FINAL'!E74 -> 0 | N63: ='EAP FINAL'!F74 -> 1
A64: ='EAP FINAL'!A75 -> 7.1.1 | B64: ='EAP FINAL'!B75 -> 131026 | C64: ='EAP FINAL'!C75 -> SEDOP | D64: ='EAP FINAL'!D75 -> Cerâmica anti-derrapante | L64: =N64 -> 151.6 | M64: ='EAP FINAL'!E75 -> m² | N64: ='EAP FINAL'!F75 -> 151.6
A65: ='EAP FINAL'!A76 -> 7.1.2 | B65: ='EAP FINAL'!B76 -> 87249 | C65: ='EAP FINAL'!C76 -> SINAPI | D65: ='EAP FINAL'!D76 -> REVESTIMENTO CERÂMICO PARA PISO COM PLACAS TIPO ESMALTADA DE DIMENSÕES 45X45 CM APLICADA EM AMBIENTES DE ÁREA MENOR QUE 5 M2. AF_02/2023_PE | L65: =N65 -> 1447.8 | M65: ='EAP FINAL'!E76 -> m² | N65: ='EAP FINAL'!F76 -> 1447.8
A66: ='EAP FINAL'!A78 -> 7.2 | D66: ='EAP FINAL'!D78 -> Revestimento Ceramico | M66: ='EAP FINAL'!E78 -> 0 | N66: ='EAP FINAL'!F78 -> 1
A67: ='EAP FINAL'!A79 -> 7.2.1 | B67: ='EAP FINAL'!B79 -> 87275 | C67: ='EAP FINAL'!C79 -> SINAPI | D67: ='EAP FINAL'!D79 -> REVESTIMENTO CERÂMICO PARA PAREDES INTERNAS COM PLACAS TIPO ESMALTADA DE DIMENSÕES 33X45 CM APLICADAS A MEIA ALTURA DAS PAREDES. AF_02/2023_PE | M67: ='EAP FINAL'!E79 -> m² | N67: ='EAP FINAL'!F79 -> 1105.1
A68: ='EAP FINAL'!A86 -> 7.4 | D68: ='EAP FINAL'!D86 -> Forros | M68: ='EAP FINAL'!E86 -> 0 | N68: ='EAP FINAL'!F86 -> 1
A69: ='EAP FINAL'!A87 -> 7.4.1 | B69: ='EAP FINAL'!B87 -> PRÓPRIA 0079 | C69: ='EAP FINAL'!C87 -> Próprio | D69: ='EAP FINAL'!D87 -> REVESTIMENTO GESSO | M69: ='EAP FINAL'!E87 -> m² | N69: ='EAP FINAL'!F87 -> 1281.25
A70: ='EAP FINAL'!A89 -> 7.5 | D70: ='EAP FINAL'!D89 -> Pinturas | M70: ='EAP FINAL'!E89 -> 0 | N70: ='EAP FINAL'!F89 -> 1
A71: ='EAP FINAL'!A90 -> 7.5.1 | B71: ='EAP FINAL'!B90 -> PRÓPRIA 0079 | C71: ='EAP FINAL'!C90 -> Próprio | D71: ='EAP FINAL'!D90 -> REVESTIMENTO GESSO | M71: ='EAP FINAL'!E90 -> m² | N71: ='EAP FINAL'!F90 -> 8371.25
A72: ='EAP FINAL'!A91 -> 7.5.2 | B72: ='EAP FINAL'!B91 -> 102219 | C72: ='EAP FINAL'!C91 -> SINAPI | D72: ='EAP FINAL'!D91 -> PINTURA TINTA DE ACABAMENTO (PIGMENTADA) ESMALTE SINTÉTICO ACETINADO EM MADEIRA, 2 DEMÃOS. AF_01/2021 | M72: ='EAP FINAL'!E91 -> m² | N72: ='EAP FINAL'!F91 -> 380.8
A73: ='EAP FINAL'!A92 -> 7.5.3 | B73: ='EAP FINAL'!B92 -> 100740 | C73: ='EAP FINAL'!C92 -> SINAPI | D73: ='EAP FINAL'!D92 -> PINTURA COM TINTA ALQUÍDICA DE ACABAMENTO (ESMALTE SINTÉTICO ACETINADO) APLICADA A ROLO OU PINCEL SOBRE PERFIL METÁLICO EXECUTADO EM FÁBRICA (POR DEMÃO). AF_01/2020 | M73: ='EAP FINAL'!E92 -> m² | N73: ='EAP FINAL'!F92 -> 135.9
A74: ='EAP FINAL'!A93 -> 7.5.4 | B74: ='EAP FINAL'!B93 -> 100757 | C74: ='EAP FINAL'!C93 -> SINAPI | D74: ='EAP FINAL'!D93 -> PINTURA COM TINTA ALQUÍDICA DE ACABAMENTO (ESMALTE SINTÉTICO ACETINADO) PULVERIZADA SOBRE SUPERFÍCIES METÁLICAS (EXCETO PERFIL) EXECUTADO EM OBRA (02 DEMÃOS). AF_01/2020_PE | M74: ='EAP FINAL'!E93 -> m² | N74: ='EAP FINAL'!F93 -> 48
A75: ='EAP FINAL'!A94 -> 8 | D75: ='EAP FINAL'!D94 -> PAVIMENTAÇÃO | M75: ='EAP FINAL'!E94 -> 0 | N75: ='EAP FINAL'!F94 -> 1
A76: ='EAP FINAL'!A95 -> 8.1 | D76: ='EAP FINAL'!D95 -> ceramica (piso) | M76: ='EAP FINAL'!E95 -> 0 | N76: ='EAP FINAL'!F95 -> 1
A77: ='EAP FINAL'!A96 -> 8.1.1 | B77: ='EAP FINAL'!B96 -> 94991 | C77: ='EAP FINAL'!C96 -> SINAPI | D77: ='EAP FINAL'!D96 -> EXECUÇÃO DE PASSEIO (CALÇADA) OU PISO DE CONCRETO COM CONCRETO MOLDADO IN LOCO, USINADO C20, ACABAMENTO CONVENCIONAL, NÃO ARMADO. AF_08/2022 | M77: ='EAP FINAL'!E96 -> m³ | N77: ='EAP FINAL'!F96 -> 138.1
A78: ='EAP FINAL'!A97 -> 8.2 | D78: ='EAP FINAL'!D97 -> Cimentados | M78: ='EAP FINAL'!E97 -> 0 | N78: ='EAP FINAL'!F97 -> 1
A79: ='EAP FINAL'!A98 -> 8.2.1 | B79: ='EAP FINAL'!B98 -> 94991 | C79: ='EAP FINAL'!C98 -> SINAPI | D79: ='EAP FINAL'!D98 -> EXECUÇÃO DE PASSEIO (CALÇADA) OU PISO DE CONCRETO COM CONCRETO MOLDADO IN LOCO, USINADO C20, ACABAMENTO CONVENCIONAL, NÃO ARMADO. AF_08/2022 | M79: ='EAP FINAL'!E98 -> m³ | N79: ='EAP FINAL'!F98 -> 28.5
A80: 8.3 | D80: ='EAP FINAL'!D100 -> Rodapés e peitoris | M80: ='EAP FINAL'!E100 -> 0 | N80: ='EAP FINAL'!F100 -> 1
A81: 8.3.1 | B81: ='EAP FINAL'!B101 -> 88649 | C81: ='EAP FINAL'!C101 -> SINAPI | D81: ='EAP FINAL'!D101 -> RODAPÉ CERÂMICO DE 7CM DE ALTURA COM PLACAS TIPO ESMALTADA DE DIMENSÕES 45X45CM. AF_02/2023 | M81: ='EAP FINAL'!E101 -> M | N81: ='EAP FINAL'!F101 -> 4653.75
A82: ='EAP FINAL'!A103 -> 9 | D82: ='EAP FINAL'!D103 -> INSTALAÇÕES | M82: ='EAP FINAL'!E103 -> 0 | N82: ='EAP FINAL'!F103 -> 1
A83: ='EAP FINAL'!A104 -> 9.1 | D83: ='EAP FINAL'!D104 -> Elétricas/ Telefonicas | M83: ='EAP FINAL'!E104 -> 0 | N83: ='EAP FINAL'!F104 -> 1
A84: ='EAP FINAL'!A105 -> 9.1.1 | B84: ='EAP FINAL'!B105 -> 170415 | C84: ='EAP FINAL'!C105 -> SEDOP | D84: ='EAP FINAL'!D105 -> Mureta de mediçao em alv.c/laje em conc.(c=2.20/l=0.50/h=2.0m) | M84: ='EAP FINAL'!E105 -> un | N84: ='EAP FINAL'!F105 -> 5
A85: ='EAP FINAL'!A106 -> 9.1.2 | B85: ='EAP FINAL'!B106 -> 101883 | C85: ='EAP FINAL'!C106 -> SINAPI | D85: ='EAP FINAL'!D106 -> QUADRO DE DISTRIBUIÇÃO DE ENERGIA EM CHAPA DE AÇO GALVANIZADO, DE EMBUTIR, COM BARRAMENTO TRIFÁSICO, PARA 18 DISJUNTORES DIN 100A - FORNECIMENTO E INSTALAÇÃO. AF_10/2020 | M85: ='EAP FINAL'!E106 -> UN | N85: ='EAP FINAL'!F106 -> 40
A86: ='EAP FINAL'!A107 -> 9.1.3 | B86: ='EAP FINAL'!B107 -> 170880 | C86: ='EAP FINAL'!C107 -> SEDOP | D86: ='EAP FINAL'!D107 -> Caixa de passagem em aluminio 400x400x180mm | M86: ='EAP FINAL'!E107 -> un | N86: ='EAP FINAL'!F107 -> 50
A87: ='EAP FINAL'!A108 -> 9.1.4 | B87: ='EAP FINAL'!B108 -> 97605 | C87: ='EAP FINAL'!C108 -> SINAPI | D87: ='EAP FINAL'!D108 -> LUMINÁRIA ARANDELA TIPO MEIA LUA, DE SOBREPOR, COM 1 LÂMPADA LED DE 6 W, SEM REATOR - FORNECIMENTO E INSTALAÇÃO. AF_09/2024 | M87: ='EAP FINAL'!E108 -> UN | N87: ='EAP FINAL'!F108 -> 40
A88: ='EAP FINAL'!A109 -> 9.1.5 | B88: ='EAP FINAL'!B109 -> CP.104 | C88: ='EAP FINAL'!C109 -> Próprio | D88: ='EAP FINAL'!D109 -> LÂMPADA LED BULBO 30W | M88: ='EAP FINAL'!E109 -> und | N88: ='EAP FINAL'!F109 -> 240
A89: ='EAP FINAL'!A110 -> 9.1.6 | B89: ='EAP FINAL'!B110 -> 92023 | C89: ='EAP FINAL'!C110 -> SINAPI | D89: ='EAP FINAL'!D110 -> INTERRUPTOR SIMPLES (1 MÓDULO) COM 1 TOMADA DE EMBUTIR 2P+T 10 A, INCLUINDO SUPORTE E PLACA - FORNECIMENTO E INSTALAÇÃO. AF_03/2023 | M89: ='EAP FINAL'!E110 -> UN | N89: ='EAP FINAL'!F110 -> 160
A90: ='EAP FINAL'!A111 -> 9.1.7 | B90: ='EAP FINAL'!B111 -> 92027 | C90: ='EAP FINAL'!C111 -> SINAPI | D90: ='EAP FINAL'!D111 -> INTERRUPTOR SIMPLES (2 MÓDULOS) COM 1 TOMADA DE EMBUTIR 2P+T 10 A, INCLUINDO SUPORTE E PLACA - FORNECIMENTO E INSTALAÇÃO. AF_03/2023 | M90: ='EAP FINAL'!E111 -> UN | N90: ='EAP FINAL'!F111 -> 40
A91: ='EAP FINAL'!A112 -> 9.1.8 | B91: ='EAP FINAL'!B112 -> 91993 | C91: ='EAP FINAL'!C112 -> SINAPI | D91: ='EAP FINAL'!D112 -> TOMADA ALTA DE EMBUTIR (1 MÓDULO), 2P+T 20 A, INCLUINDO SUPORTE E PLACA - FORNECIMENTO E INSTALAÇÃO. AF_03/2023 | M91: ='EAP FINAL'!E112 -> UN | N91: ='EAP FINAL'!F112 -> 120
A92: ='EAP FINAL'!A113 -> 9.1.9 | B92: ='EAP FINAL'!B113 -> 92000 | C92: ='EAP FINAL'!C113 -> SINAPI | D92: ='EAP FINAL'!D113 -> TOMADA BAIXA DE EMBUTIR (1 MÓDULO), 2P+T 10 A, INCLUINDO SUPORTE E PLACA - FORNECIMENTO E INSTALAÇÃO. AF_03/2023 | M92: ='EAP FINAL'!E113 -> UN | N92: ='EAP FINAL'!F113 -> 360
A93: ='EAP FINAL'!A114 -> 9.1.10 | B93: ='EAP FINAL'!B114 -> 91996 | C93: ='EAP FINAL'!C114 -> SINAPI | D93: ='EAP FINAL'!D114 -> TOMADA MÉDIA DE EMBUTIR (1 MÓDULO), 2P+T 10 A, INCLUINDO SUPORTE E PLACA - FORNECIMENTO E INSTALAÇÃO. AF_03/2023 | M93: ='EAP FINAL'!E114 -> UN | N93: ='EAP FINAL'!F114 -> 40
A94: ='EAP FINAL'!A115 -> 9.1.11 | B94: ='EAP FINAL'!B115 -> 83387 | C94: ='EAP FINAL'!C115 -> SINAPI | D94: ='EAP FINAL'!D115 -> CAIXA DE PASSAGEM PVC 4X2" - FORNECIMENTO E INSTALACAO | M94: ='EAP FINAL'!E115 -> UN | N94: ='EAP FINAL'!F115 -> 760
A95: ='EAP FINAL'!A116 -> 9.1.12 | B95: ='EAP FINAL'!B116 -> 83386 | C95: ='EAP FINAL'!C116 -> SINAPI | D95: ='EAP FINAL'!D116 -> CAIXA DE PASSAGEM PVC 4X4" - FORNECIMENTO E INSTALACAO | M95: ='EAP FINAL'!E116 -> UN | N95: ='EAP FINAL'!F116 -> 240
... A121: ='EAP FINAL'!A142 -> 9.1.38 | B121: ='EAP FINAL'!B142 -> 91924 | C121: ='EAP FINAL'!C142 -> SINAPI | D121: ='EAP FINAL'!D142 -> CABO DE COBRE FLEXÍVEL ISOLADO, 1,5 MM², ANTI-CHAMA 450/750 V, PARA CIRCUITOS TERMINAIS - FORNECIMENTO E INSTALAÇÃO. AF_03/2023 | M121: ='EAP FINAL'!E142 -> M | N121: ='EAP FINAL'!F142 -> 2800
A122: ='EAP FINAL'!#REF! -> #REF! | B122: ='EAP FINAL'!#REF! -> #REF! | C122: ='EAP FINAL'!#REF! -> #REF! | D122: ='EAP FINAL'!#REF! -> #REF! | M122: ='EAP FINAL'!#REF! -> #REF! | N122: ='EAP FINAL'!#REF! -> #REF!
A123: ='EAP FINAL'!#REF! -> #REF! | B123: ='EAP FINAL'!#REF! -> #REF! | C123: ='EAP FINAL'!#REF! -> #REF! | D123: ='EAP FINAL'!#REF! -> #REF! | M123: ='EAP FINAL'!#REF! -> #REF! | N123: ='EAP FINAL'!#REF! -> #REF!
A124: ='EAP FINAL'!#REF! -> #REF! | B124: ='EAP FINAL'!#REF! -> #REF! | C124: ='EAP FINAL'!#REF! -> #REF! | D124: ='EAP FINAL'!#REF! -> #REF! | M124: ='EAP FINAL'!#REF! -> #REF! | N124: ='EAP FINAL'!#REF! -> #REF!
A125: ='EAP FINAL'!#REF! -> #REF! | B125: ='EAP FINAL'!#REF! -> #REF! | C125: ='EAP FINAL'!#REF! -> #REF! | D125: ='EAP FINAL'!#REF! -> #REF! | M125: ='EAP FINAL'!#REF! -> #REF! | N125: ='EAP FINAL'!#REF! -> #REF!
A126: ='EAP FINAL'!#REF! -> #REF! | B126: ='EAP FINAL'!#REF! -> #REF! | C126: ='EAP FINAL'!#REF! -> #REF! | D126: ='EAP FINAL'!#REF! -> #REF! | M126: ='EAP FINAL'!#REF! -> #REF! | N126: ='EAP FINAL'!#REF! -> #REF!
...

Sheet LEIS SOCIAIS
A5: PREFEITURA MUNICIPAL DE BREU BRANCO
A6: SECRETARIA MUNICIPAL DE OBRAS E INFRAESTRUTURA
A8: ='MEMÓRIA DE CÁLCULO'!B3 -> OBRA: PROVISÃO DE 40 UNIDADES HABITACIONAIS NO MUNICÍPIO DE BREU BRANCO/PA
A9: ='MEMÓRIA DE CÁLCULO'!B4 -> 0
